Workbook

Sheet MONTANTS
C3: Maximum d’excédent : | D3: 250 | F3: Maximum Petite Caisse : | G3: 250
C5: Réserve prudente cible : | D5: 500 | F5: Réserve d’anniversaire : | G5: 25
C8: BALANCE : | D8: =SUM(D33:D108) -> 2908.1 | E8: =SUM(E33:E108) -> 164.4 | F8: =SUM(F33:F108) -> 270 | G8: =SUM(G33:G108) -> 140.17 | H8: =SUM(H33:H108) -> 23 | I8: =SUM(I33:I108) -> 2491 | J8: =D8+E8-F8-G8-H8-I8 -> 148.33
D10: ENTRÉES D’ARGENT | F10: SORTIES D’ARGENT
B11: MOIS | C11: DATE | D11: Collecte | E11: Littérature | F11: Table à café | G11: Littérature | H11: Ad-hoc | I11: Dépôts
B12: =TEXT(C12, "YYYY-MM") -> 2026-03 | C12: 46105
B13: =TEXT(C13, "YYYY-MM") -> 2026-03 | C13: 46098
B14: =TEXT(C14, "YYYY-MM") -> 2026-03 | C14: 46091
B15: =TEXT(C15, "YYYY-MM") -> 2026-03 | C15: 46084
B16: =TEXT(C16, "YYYY-MM") -> 2026-02 | C16: 46077 | D16: 20.25 | F16: 4.5
B17: =TEXT(C17, "YYYY-MM") -> 2026-02 | C17: 46070
B18: =TEXT(C18, "YYYY-MM") -> 2026-02 | C18: 46063
B19: =TEXT(C19, "YYYY-MM") -> 2026-02 | C19: 46056
B20: =TEXT(C20, "YYYY-MM") -> 2026-01 | C20: 46050
B21: =TEXT(C21, "YYYY-MM") -> 2026-01 | C21: 46043
B22: =TEXT(C22, "YYYY-MM") -> 2026-01 | C22: 46036
B23: =TEXT(C23, "YYYY-MM") -> 2026-01 | C23: 46029 | D23: 31 | E23: - | F23: - | G23: - | H23: - | I23: 500
B24: =TEXT(C24, "YYYY-MM") -> 2025-12 | C24: 46021 | D24: FERMÉ | E24: - | F24: - | G24: - | H24: - | I24: -
B25: =TEXT(C25, "YYYY-MM") -> 2025-12 | C25: 46014 | D25: FERMÉ
B26: =TEXT(C26, "YYYY-MM") -> 2025-12 | C26: 46007 | D26: 38.1 | E26: - | F26: - | G26: - | H26: - | I26: -
B27: =TEXT(C27, "YYYY-MM") -> 2025-12 | C27: 46000 | D27: 17 | E27: - | F27: - | G27: - | H27: - | I27: -
B28: =TEXT(C28, "YYYY-MM") -> 2025-12 | C28: 45993 | D28: 0 | E28: - | F28: - | G28: - | H28: - | I28: -
B29: =TEXT(C29, "YYYY-MM") -> 2025-11 | C29: 45986 | D29: 59 | E29: - | F29: - | G29: - | H29: - | I29: -
B30: =TEXT(C30, "YYYY-MM") -> 2025-11 | C30: 45979 | D30: 59 | E30: - | F30: - | G30: - | H30: - | I30: -
B31: =TEXT(C31, "YYYY-MM") -> 2025-11 | C31: 45972 | D31: 0 | E31: - | F31: - | G31: - | H31: - | I31: -
B32: =TEXT(C32, "YYYY-MM") -> 2025-11 | C32: 45965 | D32: 39 | E32: - | F32: - | G32: - | H32: - | I32: -
B33: =TEXT(C33, "YYYY-MM") -> 2025-10 | C33: 45958 | D33: 8 | E33: - | F33: - | G33: - | H33: - | I33: -
B34: =TEXT(C34, "YYYY-MM") -> 2025-10 | C34: 45951 | D34: 73.35 | E34: - | F34: - | G34: - | H34: - | I34: -
B35: =TEXT(C35, "YYYY-MM") -> 2025-10 | C35: 45944 | D35: 36.85 | E35: - | F35: - | G35: - | H35: - | I35: -
B36: =TEXT(C36, "YYYY-MM") -> 2025-10 | C36: 45937 | D36: 30 | E36: - | F36: - | G36: - | H36: - | I36: -
B37: =TEXT(C37, "YYYY-MM") -> 2025-09 | C37: 45930 | D37: 14 | E37: - | F37: - | G37: - | H37: - | I37: -
B38: =TEXT(C38, "YYYY-MM") -> 2025-09 | C38: 45923 | D38: 14.75 | E38: - | F38: 17.26 | G38: - | H38: - | I38: -
B39: =TEXT(C39, "YYYY-MM") -> 2025-09 | C39: 45916 | D39: 32 | E39: - | F39: - | G39: - | H39: - | I39: -
B40: =TEXT(C40, "YYYY-MM") -> 2025-09 | C40: 45909 | D40: 19 | E40: - | F40: - | G40: - | H40: - | I40: 735
B41: =TEXT(C41, "YYYY-MM") -> 2025-09 | C41: 45902 | D41: 8 | E41: - | F41: - | G41: - | H41: - | I41: -
B42: =TEXT(C42, "YYYY-MM") -> 2025-08 | C42: 45895 | D42: 41.6 | E42: - | F42: 23.49 | G42: - | H42: - | I42: -
B43: =TEXT(C43, "YYYY-MM") -> 2025-08 | C43: 45888 | D43: 30 | E43: - | F43: - | G43: - | H43: - | I43: -
B44: =TEXT(C44, "YYYY-MM") -> 2025-08 | C44: 45881 | D44: 35.3 | E44: 5 | F44: - | G44: - | H44: - | I44: -
B45: =TEXT(C45, "YYYY-MM") -> 2025-08 | C45: 45874 | D45: 16 | E45: 5 | F45: 10.18 | G45: - | H45: - | I45: -
B46: =TEXT(C46, "YYYY-MM") -> 2025-07 | C46: 45867 | D46: 54.25 | E46: - | F46: - | G46: - | H46: - | I46: -
B47: =TEXT(C47, "YYYY-MM") -> 2025-07 | C47: 45860 | D47: 63.55 | E47: - | F47: - | G47: - | H47: - | I47: -
B48: =TEXT(C48, "YYYY-MM") -> 2025-07 | C48: 45853 | D48: 23.65 | E48: - | F48: - | G48: - | H48: - | I48: -
B49: =TEXT(C49, "YYYY-MM") -> 2025-07 | C49: 45846 | D49: 55.2 | E49: - | F49: - | G49: - | H49: - | I49: -
B50: =TEXT(C50, "YYYY-MM") -> 2025-07 | C50: 45839 | D50: FERMÉ
B51: =TEXT(C51, "YYYY-MM") -> 2025-06 | C51: 45832 | D51: FERMÉ
B52: =TEXT(C52, "YYYY-MM") -> 2025-06 | C52: 45825 | D52: 83.45 | G52: - | H52: - | I52: -
B53: =TEXT(C53, "YYYY-MM") -> 2025-06 | C53: 45818 | D53: 70.65 | F53: 3.85 | G53: - | H53: - | I53: -
B54: =TEXT(C54, "YYYY-MM") -> 2025-06 | C54: 45811 | D54: 47.35 | E54: 15 | G54: - | H54: - | I54: -
B55: =TEXT(C55, "YYYY-MM") -> 2025-05 | C55: 45804 | D55: 63.3 | E55: - | F55: 5.5 | G55: - | H55: - | I55: -
B56: =TEXT(C56, "YYYY-MM") -> 2025-05 | C56: 45797 | D56: 44.4 | F56: 4.99 | H56: - | I56: -
B57: =TEXT(C57, "YYYY-MM") -> 2025-05 | C57: 45790 | D57: 29.3 | E57: - | F57: 17.1 | G57: - | H57: - | I57: -
B58: =TEXT(C58, "YYYY-MM") -> 2025-05 | C58: 45785 | F58: - | G58: - | H58: - | I58: 162
B59: =TEXT(C59, "YYYY-MM") -> 2025-05 | C59: 45783 | D59: =58.4+13.2 -> 71.6 | E59: 8.9 | F59: - | G59: - | H59: - | I59: -
B60: =TEXT(C60, "YYYY-MM") -> 2025-04 | C60: 45776 | D60: 55.15 | E60: 5 | F60: - | G60: - | H60: - | I60: -
B61: =TEXT(C61, "YYYY-MM") -> 2025-04 | C61: 45769 | D61: 46.35 | E61: - | F61: 7.68 | G61: - | H61: - | I61: -
B62: =TEXT(C62, "YYYY-MM") -> 2025-04 | C62: 45762 | D62: 70 | E62: - | F62: - | G62: - | H62: - | I62: -
B63: =TEXT(C63, "YYYY-MM") -> 2025-04 | C63: 45755 | D63: 48.75 | E63: - | F63: - | G63: - | H63: - | I63: -
B64: =TEXT(C64, "YYYY-MM") -> 2025-04 | C64: 45748 | D64: 45.25 | E64: 5 | F64: 12.97 | G64: - | H64: - | I64: -
B65: =TEXT(C65, "YYYY-MM") -> 2025-03 | C65: 45741 | D65: 44.75 | E65: - | F65: 12.48 | G65: - | H65: - | I65: -
B66: =TEXT(C66, "YYYY-MM") -> 2025-03 | C66: 45734 | D66: 33.7 | E66: - | F66: - | G66: - | H66: - | I66: -
B67: =TEXT(C67, "YYYY-MM") -> 2025-03 | C67: 45727 | D67: 43.7 | E67: 19.6 | F67: - | G67: 140.17 | H67: - | I67: -
B68: =TEXT(C68, "YYYY-MM") -> 2025-03 | C68: 45720 | D68: 48.65 | E68: - | F68: - | G68: - | H68: - | I68: -
B69: =TEXT(C69, "YYYY-MM") -> 2025-02 | C69: 45713 | D69: 46.25 | E69: 21 | F69: 13.17 | G69: - | H69: - | I69: -
B70: =TEXT(C70, "YYYY-MM") -> 2025-02 | C70: 45706 | D70: 21 | E70: - | F70: - | G70: - | H70: - | I70: -
B71: =TEXT(C71, "YYYY-MM") -> 2025-02 | C71: 45699 | D71: 34.2 | E71: - | F71: - | G71: - | H71: - | I71: -
B72: =TEXT(C72, "YYYY-MM") -> 2025-02 | C72: 45695 | E72: - | F72: - | G72: - | H72: - | I72: -
B73: =TEXT(C73, "YYYY-MM") -> 2025-02 | C73: 45692 | D73: 42.05 | E73: - | F73: - | G73: - | H73: - | I73: -
B74: =TEXT(C74, "YYYY-MM") -> 2025-01 | C74: 45685 | D74: 63.75 | E74: 5 | F74: - | G74: - | H74: 20 | I74: 200
B75: =TEXT(C75, "YYYY-MM") -> 2025-01 | C75: 45680 | D75: - | E75: - | F75: - | G75: - | H75: 3 | I75: 275
B76: =TEXT(C76, "YYYY-MM") -> 2025-01 | C76: 45678 | D76: 31.85 | E76: - | F76: - | G76: - | H76: - | I76: -
B77: =TEXT(C77, "YYYY-MM") -> 2025-01 | C77: 45671 | D77: 44.25 | E77: - | F77: - | G77: - | H77: - | I77: -
B78: =TEXT(C78, "YYYY-MM") -> 2025-01 | C78: 45664 | D78: 27.5 | E78: 31 | F78: - | G78: - | H78: - | I78: -
B79: =TEXT(C79, "YYYY-MM") -> 2024-12 | C79: 45657 | D79: FERMÉ
B80: =TEXT(C80, "YYYY-MM") -> 2024-12 | C80: 45650 | D80: FERMÉ
B81: =TEXT(C81, "YYYY-MM") -> 2024-12 | C81: 45643 | D81: 52.35 | E81: - | F81: - | G81: - | H81: - | I81: -
B82: =TEXT(C82, "YYYY-MM") -> 2024-12 | C82: 45636 | D82: 37.85 | E82: - | F82: 19.35 | G82: - | H82: - | I82: -
B83: =TEXT(C83, "YYYY-MM") -> 2024-12 | C83: 45629 | D83: 49.15 | E83: 8.9 | F83: - | G83: - | H83: - | I83: -
B84: =TEXT(C84, "YYYY-MM") -> 2024-11 | C84: 45622 | D84: 41.35 | E84: - | F84: - | G84: - | H84: - | I84: -
B85: =TEXT(C85, "YYYY-MM") -> 2024-11 | C85: 45615 | D85: 31 | E85: - | F85: - | G85: - | H85: - | I85: -
B86: =TEXT(C86, "YYYY-MM") -> 2024-11 | C86: 45608 | D86: 56.7 | E86: - | F86: 2.9 | G86: - | H86: - | I86: -
B87: =TEXT(C87, "YYYY-MM") -> 2024-11 | C87: 45601 | D87: 30.3 | E87: - | F87: 3.5 | G87: - | H87: - | I87: -
B88: =TEXT(C88, "YYYY-MM") -> 2024-10 | C88: 45594 | D88: 44 | E88: - | F88: - | G88: - | H88: - | I88: -
B89: =TEXT(C89, "YYYY-MM") -> 2024-10 | C89: 45595 | D89: - | E89: - | F89: - | G89: - | H89: - | I89: 802
B90: =TEXT(C90, "YYYY-MM") -> 2024-10 | C90: 45587 | D90: 35 | E90: 20 | F90: - | G90: - | H90: - | I90: -
B91: =TEXT(C91, "YYYY-MM") -> 2024-10 | C91: 45580 | D91: 58 | E91: - | F91: 3.25 | G91: - | H91: - | I91: -
B92: =TEXT(C92, "YYYY-MM") -> 2024-10 | C92: 45573 | D92: 34.6 | E92: - | F92: - | G92: - | H92: - | I92: -
B93: =TEXT(C93, "YYYY-MM") -> 2024-10 | C93: 45572 | I93: 267
B94: =TEXT(C94, "YYYY-MM") -> 2024-10 | C94: 45566 | D94: 39.4 | E94: - | F94: - | G94: - | H94: - | I94: -
B95: =TEXT(C95, "YYYY-MM") -> 2024-09 | C95: 45559 | D95: 40.15 | E95: - | F95: - | G95: - | H95: - | I95: -
B96: =TEXT(C96, "YYYY-MM") -> 2024-09 | C96: 45552 | D96: 69.25 | E96: - | F96: - | G96: - | H96: - | I96: -
B97: =TEXT(C97, "YYYY-MM") -> 2024-09 | C97: 45545 | D97: 55.85 | E97: - | F97: - | G97: - | H97: - | I97: -
B98: =TEXT(C98, "YYYY-MM") -> 2024-09 | C98: 45539 | I98: 50
B99: =TEXT(C99, "YYYY-MM") -> 2024-09 | C99: 45538 | D99: 54.45 | E99: 15 | F99: 44.83 | G99: - | H99: - | I99: -
B100: =TEXT(C100, "YYYY-MM") -> 2024-08 | C100: 45531 | D100: 46.25 | E100: - | F100: 17.16 | G100: - | H100: - | I100: -
B101: =TEXT(C101, "YYYY-MM") -> 2024-08 | C101: 45524 | D101: 39.55 | E101: - | F101: 10.11 | G101: - | H101: - | I101: -
B102: =TEXT(C102, "YYYY-MM") -> 2024-08 | C102: 45517 | D102: 47.65 | E102: - | F102: - | G102: - | H102: - | I102: -
B103: =TEXT(C103, "YYYY-MM") -> 2024-08 | C103: 45510 | D103: 41.05 | E103: - | F103: - | G103: - | H103: - | I103: -
B104: =TEXT(C104, "YYYY-MM") -> 2024-07 | C104: 45503 | D104: 79.45 | E104: - | F104: - | G104: - | H104: - | I104: -
B105: =TEXT(C105, "YYYY-MM") -> 2024-07 | C105: 45496 | D105: 77.55 | E105: - | F105: - | G105: - | H105: - | I105: -
B106: =TEXT(C106, "YYYY-MM") -> 2024-07 | C106: 45489 | D106: 38.6 | E106: - | F106: 40.23 | G106: - | H106: - | I106: -
...

Sheet 2026-02
C3: GROUPE MÉDITATION
C5: =_xlfn.CONCAT("ÉTAT DES RÉSULTATS – ", UPPER(TEXT(DATE(LEFT(RIGHT(CELL("FILENAME"),7),4),RIGHT(RIGHT(CELL("FILENAME"),7),2),1),"MMMM AAAA"))) -> ÉTAT DES RÉSULTATS – FÉVRIER 2026
E8: SOLDE DE LA PETITE CAISSE AU DÉBUT | G8: ='2026-01'!G22 -> 12.88 | L8: → Montant de la fin du mois dernier
E10: Provisions pour la table à café → | G10: =SUMIF(MONTANTS!B:B,RIGHT(CELL("FILENAME"),7), MONTANTS!F:F) -> 4.5 | L10: N’entrez pas de montants ici ; ils sont calculés automatiquement. Renseignez plutôt la feuille MONTANTS en y insérant vos transactions
E12: Achats de littérature → | G12: =SUMIF(MONTANTS!B:B,RIGHT(CELL("FILENAME"),7), MONTANTS!G:G) -> 0
E14: Dépenses Ad-hoc approuvées → | G14: =SUMIF(MONTANTS!B:B,RIGHT(CELL("FILENAME"),7), MONTANTS!H:H) -> 0
E16: Collectes → | G16: =SUMIF(MONTANTS!B:B,RIGHT(CELL("FILENAME"),7), MONTANTS!D:D) -> 20.25
E18: Ventes de littérature → | G18: =SUMIF(MONTANTS!B:B,RIGHT(CELL("FILENAME"),7), MONTANTS!E:E) -> 0
E20: Dépôt(s) en espèces → | G20: =SUMIF(MONTANTS!B:B,RIGHT(CELL("FILENAME"),7), MONTANTS!I:I) -> 0
E22: SOLDE DE LA PETITE CAISSE À LA FIN | G22: =G8-G10-G12-G14+G16+G18-G20 -> 28.63 | L22: ="→ Maximum autorisé : "&MaximumPetiteCaisse&" sinon c'est drapeau rouge." -> → Maximum autorisé : 250 sinon c'est drapeau rouge.
E26: SOLDE DU COMPTE AU DÉBUT | G26: ='2026-01'!G68 -> 464.24 | L26: → Montant de la fin du mois dernier
E28: Réserve prudente → | G28: 200 | L28: → Montant de la fin du mois dernier
E30: Réserve d’anniversaire → | G30: ='2026-01'!G72 -> 270 | L30: → Montant de la fin du mois dernier
E32: Provision pour chèques / virements → | L32: → Montant de la fin du mois dernier
E34: Excédent | G34: =G26-SUM(G27:G33)+G8 -> 7.12 | L34: ="→ Tourne au rouge si > "&MaximumExcédent&" car il doit y avoir une bonne raison." -> → Tourne au rouge si > 250 car il doit y avoir une bonne raison.
E38: RETRAITS | G38: =SUM(G39:G47) -> 7
E40: Loyer | G40: 0
L42: ! À faire approuver à posteriori
E44: Chèques / Virements (Planifiés) | L44: ! Attention si le mois n’est pas terminé
E46: Frais bancaires | G46: 7 | L46: ! Attention si le mois n’est pas terminé
E50: DÉPÔTS | G50: =SUM(G51:G57) -> 0
E52: Dons par chèque / virement | G52: 0 | L52: → Chèques / Virements
L54: → Revenu divers
E56: Dépôt(s) en espèces de la Petite Caisse | G56: =G20 -> 0
E60: DISTRIBUTION DE L’EXCÉDENT | G60: =SUM(G62:G65) -> 0 | L60: → Attributions automatiques
E62: District 87-16 | L62: → Calculé selon nos règles concernant l’argent
E64: Centre de Bénévolat de Saint-Basile | L64: → Calculé selon nos règles concernant l’argent
E68: SOLDE DU COMPTE À LA FIN | G68: =G26-G38+G50 -> 457.24 | L68: → Solde attendu à la fin du mois sur le relevé bancaire
E70: Réserve prudente | G70: 200 | L70: → L’objectif du groupe est de : | M70: =réserveCible -> 500 | N70: Ajuster au besoin.
E72: Réserve d’anniversaire | G72: =G30+réserveAnniversaire -> 295 | L72: → Le montant par défaut est | M72: =réserveAnniversaire -> 25
E74: Provision pour chèques / virements | L74: → Somme engagée. Entrée manuelle. Doit couvrir toutes nos promesses d’Ivrognes
E76: Excédent | G76: =G68-G70-G72-G74+G22 -> -9.13 | L76: ="→ Tourne au rouge si > "&MaximumExcédent&" car il doit y avoir une bonne raison." -> → Tourne au rouge si > 250 car il doit y avoir une bonne raison.
C80: Préparé par :
C81: Daniel Allaire
C82: Trésorier

Sheet 2026-01
C3: GROUPE MÉDITATION
C5: =_xlfn.CONCAT("ÉTAT DES RÉSULTATS – ", UPPER(TEXT(DATE(LEFT(RIGHT(CELL("FILENAME"),7),4),RIGHT(RIGHT(CELL("FILENAME"),7),2),1),"MMMM AAAA"))) -> ÉTAT DES RÉSULTATS – JANVIER 2026
E8: SOLDE DE LA PETITE CAISSE AU DÉBUT | G8: ='2025-12'!G22 -> 481.88 | L8: → Montant de la fin du mois dernier
E10: Provisions pour la table à café → | G10: =SUMIF(MONTANTS!B:B,RIGHT(CELL("FILENAME"),7), MONTANTS!F:F) -> 0 | L10: N’entrez pas de montants ici ; ils sont calculés automatiquement. Renseignez plutôt la feuille MONTANTS en y insérant vos transactions
E12: Achats de littérature → | G12: =SUMIF(MONTANTS!B:B,RIGHT(CELL("FILENAME"),7), MONTANTS!G:G) -> 0
E14: Dépenses Ad-hoc approuvées → | G14: =SUMIF(MONTANTS!B:B,RIGHT(CELL("FILENAME"),7), MONTANTS!H:H) -> 0
E16: Collectes → | G16: =SUMIF(MONTANTS!B:B,RIGHT(CELL("FILENAME"),7), MONTANTS!D:D) -> 31
E18: Ventes de littérature → | G18: =SUMIF(MONTANTS!B:B,RIGHT(CELL("FILENAME"),7), MONTANTS!E:E) -> 0
E20: Dépôt(s) en espèces → | G20: =SUMIF(MONTANTS!B:B,RIGHT(CELL("FILENAME"),7), MONTANTS!I:I) -> 500
E22: SOLDE DE LA PETITE CAISSE À LA FIN | G22: =G8-G10-G12-G14+G16+G18-G20 -> 12.88 | L22: ="→ Maximum autorisé : "&MaximumPetiteCaisse&" sinon c'est drapeau rouge." -> → Maximum autorisé : 250 sinon c'est drapeau rouge.
E26: SOLDE DU COMPTE AU DÉBUT | G26: ='2025-12'!G68 -> 773.99 | L26: → Montant de la fin du mois dernier
E28: Réserve prudente → | G28: =réserveCible -> 500 | L28: → Montant de la fin du mois dernier
E30: Réserve d’anniversaire → | G30: ='2025-12'!G72 -> 245 | L30: → Montant de la fin du mois dernier
E32: Provision pour chèques / virements → | L32: → Montant de la fin du mois dernier
E34: Excédent | G34: =G26-SUM(G27:G33)+G8 -> 510.87 | L34: ="→ Tourne au rouge si > "&MaximumExcédent&" car il doit y avoir une bonne raison." -> → Tourne au rouge si > 250 car il doit y avoir une bonne raison.
E38: RETRAITS | G38: =SUM(G39:G47) -> 809.75
E40: Loyer | G40: 0
L42: ! À faire approuver à posteriori
E44: Chèques / Virements (Planifiés) | G44: 800 | L44: ! Attention si le mois n’est pas terminé
E46: Frais bancaires | G46: 9.75 | L46: ! Attention si le mois n’est pas terminé
E50: DÉPÔTS | G50: =SUM(G51:G57) -> 500
E52: Dons par chèque / virement | G52: 0 | L52: → Chèques / Virements
L54: → Revenu divers
E56: Dépôt(s) en espèces de la Petite Caisse | G56: =G20 -> 500
E60: DISTRIBUTION DE L’EXCÉDENT | G60: =SUM(G62:G65) -> 0 | L60: → Attributions automatiques
E62: District 87-16 | L62: → Calculé selon nos règles concernant l’argent
E64: Centre de Bénévolat de Saint-Basile | L64: → Calculé selon nos règles concernant l’argent
E68: SOLDE DU COMPTE À LA FIN | G68: =G26-G38+G50 -> 464.24 | L68: → Solde attendu à la fin du mois sur le relevé bancaire
E70: Réserve prudente | G70: 200 | L70: → L’objectif du groupe est de : | M70: =réserveCible -> 500 | N70: Ajuster au besoin.
E72: Réserve d’anniversaire | G72: =G30+réserveAnniversaire -> 270 | L72: → Le montant par défaut est | M72: =réserveAnniversaire -> 25
E74: Provision pour chèques / virements | L74: → Somme engagée. Entrée manuelle. Doit couvrir toutes nos promesses d’Ivrognes
E76: Excédent | G76: =G68-G70-G72-G74+G22 -> 7.12 | L76: ="→ Tourne au rouge si > "&MaximumExcédent&" car il doit y avoir une bonne raison." -> → Tourne au rouge si > 250 car il doit y avoir une bonne raison.
C80: Préparé par :
C81: Daniel Allaire
C82: Trésorier

Sheet 2025-12
C3: GROUPE MÉDITATION
C5: =_xlfn.CONCAT("ÉTAT DES RÉSULTATS – ", UPPER(TEXT(DATE(LEFT(RIGHT(CELL("FILENAME"),7),4),RIGHT(RIGHT(CELL("FILENAME"),7),2),1),"MMMM AAAA"))) -> ÉTAT DES RÉSULTATS – DÉCEMBRE 2025
E8: SOLDE DE LA PETITE CAISSE AU DÉBUT | G8: ='2025-11'!G22 -> 426.78 | L8: → Montant de la fin du mois dernier
E10: Provisions pour la table à café → | G10: =SUMIF(MONTANTS!B:B,RIGHT(CELL("FILENAME"),7), MONTANTS!F:F) -> 0 | L10: N’entrez pas de montants ici ; ils sont calculés automatiquement. Renseignez plutôt la feuille MONTANTS en y insérant vos transactions
E12: Achats de littérature → | G12: =SUMIF(MONTANTS!B:B,RIGHT(CELL("FILENAME"),7), MONTANTS!G:G) -> 0
E14: Dépenses Ad-hoc approuvées → | G14: =SUMIF(MONTANTS!B:B,RIGHT(CELL("FILENAME"),7), MONTANTS!H:H) -> 0
E16: Collectes → | G16: =SUMIF(MONTANTS!B:B,RIGHT(CELL("FILENAME"),7), MONTANTS!D:D) -> 55.1
E18: Ventes de littérature → | G18: =SUMIF(MONTANTS!B:B,RIGHT(CELL("FILENAME"),7), MONTANTS!E:E) -> 0
E20: Dépôt(s) en espèces → | G20: =SUMIF(MONTANTS!B:B,RIGHT(CELL("FILENAME"),7), MONTANTS!I:I) -> 0
E22: SOLDE DE LA PETITE CAISSE À LA FIN | G22: =G8-G10-G12-G14+G16+G18-G20 -> 481.88 | L22: ="→ Maximum autorisé : "&MaximumPetiteCaisse&" sinon c'est drapeau rouge." -> → Maximum autorisé : 250 sinon c'est drapeau rouge.
E26: SOLDE DU COMPTE AU DÉBUT | G26: ='2025-11'!G68 -> 780.99 | L26: → Montant de la fin du mois dernier
E28: Réserve prudente → | G28: =réserveCible -> 500 | L28: → Montant de la fin du mois dernier
E30: Réserve d’anniversaire → | G30: ='2025-11'!G72 -> 220 | L30: → Montant de la fin du mois dernier
E32: Provision pour chèques / virements → | G32: ='2025-11'!G74 -> 500 | L32: → Montant de la fin du mois dernier
E34: Excédent | G34: =G26-SUM(G27:G33)+G8 -> -12.23 | L34: ="→ Tourne au rouge si > "&MaximumExcédent&" car il doit y avoir une bonne raison." -> → Tourne au rouge si > 250 car il doit y avoir une bonne raison.
E38: RETRAITS | G38: =SUM(G39:G47) -> 7
E40: Loyer | G40: 0
L42: ! À faire approuver à posteriori
E44: Chèques / Virements (Planifiés) | L44: ! Attention si le mois n’est pas terminé
E46: Frais bancaires | G46: 7 | L46: ! Attention si le mois n’est pas terminé
E50: DÉPÔTS | G50: =SUM(G51:G57) -> 0
E52: Dons par chèque / virement | G52: 0 | L52: → Chèques / Virements
L54: → Revenu divers
E56: Dépôt(s) en espèces de la Petite Caisse | G56: =G20 -> 0
E60: DISTRIBUTION DE L’EXCÉDENT | G60: =SUM(G62:G65) -> 0 | L60: → Attributions automatiques
E62: District 87-16 | L62: → Calculé selon nos règles concernant l’argent
E64: Centre de Bénévolat de Saint-Basile | L64: → Calculé selon nos règles concernant l’argent
E68: SOLDE DU COMPTE À LA FIN | G68: =G26-G38+G50 -> 773.99 | L68: → Solde attendu à la fin du mois sur le relevé bancaire
E70: Réserve prudente | G70: =réserveCible -> 500 | L70: → L’objectif du groupe est de : | M70: =réserveCible -> 500 | N70: Ajuster au besoin.
E72: Réserve d’anniversaire | G72: =G30+réserveAnniversaire -> 245 | L72: → Le montant par défaut est | M72: =réserveAnniversaire -> 25
E74: Provision pour chèques / virements | G74: 500 | L74: → Somme engagée. Entrée manuelle. Doit couvrir toutes nos promesses d’Ivrognes
E76: Excédent | G76: =G68-G70-G72-G74+G22 -> 10.87 | L76: ="→ Tourne au rouge si > "&MaximumExcédent&" car il doit y avoir une bonne raison." -> → Tourne au rouge si > 250 car il doit y avoir une bonne raison.
C80: Préparé par :
C81: Daniel Allaire
C82: Trésorier

Sheet 2025-11
C3: GROUPE MÉDITATION
C5: =_xlfn.CONCAT("ÉTAT DES RÉSULTATS – ", UPPER(TEXT(DATE(LEFT(RIGHT(CELL("FILENAME"),7),4),RIGHT(RIGHT(CELL("FILENAME"),7),2),1),"MMMM AAAA"))) -> ÉTAT DES RÉSULTATS – NOVEMBRE 2025
E8: SOLDE DE LA PETITE CAISSE AU DÉBUT | G8: ='2025-10'!G22 -> 269.78 | L8: → Montant de la fin du mois dernier
E10: Provisions pour la table à café → | G10: =SUMIF(MONTANTS!B:B,RIGHT(CELL("FILENAME"),7), MONTANTS!F:F) -> 0 | L10: N’entrez pas de montants ici ; ils sont calculés automatiquement. Renseignez plutôt la feuille MONTANTS en y insérant vos transactions
E12: Achats de littérature → | G12: =SUMIF(MONTANTS!B:B,RIGHT(CELL("FILENAME"),7), MONTANTS!G:G) -> 0
E14: Dépenses Ad-hoc approuvées → | G14: =SUMIF(MONTANTS!B:B,RIGHT(CELL("FILENAME"),7), MONTANTS!H:H) -> 0
E16: Collectes → | G16: =SUMIF(MONTANTS!B:B,RIGHT(CELL("FILENAME"),7), MONTANTS!D:D) -> 157
E18: Ventes de littérature → | G18: =SUMIF(MONTANTS!B:B,RIGHT(CELL("FILENAME"),7), MONTANTS!E:E) -> 0
E20: Dépôt(s) en espèces → | G20: =SUMIF(MONTANTS!B:B,RIGHT(CELL("FILENAME"),7), MONTANTS!I:I) -> 0
E22: SOLDE DE LA PETITE CAISSE À LA FIN | G22: =G8-G10-G12-G14+G16+G18-G20 -> 426.78 | L22: ="→ Maximum autorisé : "&MaximumPetiteCaisse&" sinon c'est drapeau rouge." -> → Maximum autorisé : 250 sinon c'est drapeau rouge.
E26: SOLDE DU COMPTE AU DÉBUT | G26: ='2025-10'!G68 -> 1066.95 | L26: → Montant de la fin du mois dernier
E28: Réserve prudente → | G28: =réserveCible -> 500 | L28: → Montant de la fin du mois dernier
E30: Réserve d’anniversaire → | G30: ='2025-10'!G72 -> 195 | L30: → Montant de la fin du mois dernier
E32: Provision pour chèques / virements → | G32: ='2025-10'!G74 -> 250 | L32: → Montant de la fin du mois dernier
E34: Excédent | G34: =G26-SUM(G27:G33)+G8 -> 391.73 | L34: ="→ Tourne au rouge si > "&MaximumExcédent&" car il doit y avoir une bonne raison." -> → Tourne au rouge si > 250 car il doit y avoir une bonne raison.
E38: RETRAITS | G38: =SUM(G39:G47) -> 300.96
E40: Loyer | G40: 0
E42: Remboursement frais Martin | G42: 40.96 | L42: ! À faire approuver à posteriori
E44: Chèques / Virements (Planifiés) | G44: 250 | L44: ! Attention si le mois n’est pas terminé
E46: Frais bancaires | G46: 10 | L46: ! Attention si le mois n’est pas terminé
E50: DÉPÔTS | G50: =SUM(G51:G57) -> 15
E52: Dons par chèque / virement | G52: 15 | L52: → Chèques / Virements
L54: → Revenu divers
E56: Dépôt(s) en espèces de la Petite Caisse | G56: =G20 -> 0
E60: DISTRIBUTION DE L’EXCÉDENT | G60: =SUM(G62:G65) -> 0 | L60: → Attributions automatiques
E62: District 87-16 | L62: → Calculé selon nos règles concernant l’argent
E64: Centre de Bénévolat de Saint-Basile | L64: → Calculé selon nos règles concernant l’argent
E68: SOLDE DU COMPTE À LA FIN | G68: =G26-G38+G50 -> 780.99 | L68: → Solde attendu à la fin du mois sur le relevé bancaire
E70: Réserve prudente | G70: =réserveCible -> 500 | L70: → L’objectif du groupe est de : | M70: =réserveCible -> 500 | N70: Ajuster au besoin.
E72: Réserve d’anniversaire | G72: =G30+réserveAnniversaire -> 220 | L72: → Le montant par défaut est | M72: =réserveAnniversaire -> 25
E74: Provision pour chèques / virements | G74: 500 | L74: → Somme engagée. Entrée manuelle. Doit couvrir toutes nos promesses d’Ivrognes
E76: Excédent | G76: =G68-G70-G72-G74+G22 -> -12.23 | L76: ="→ Tourne au rouge si > "&MaximumExcédent&" car il doit y avoir une bonne raison." -> → Tourne au rouge si > 250 car il doit y avoir une bonne raison.
C80: Préparé par :
C81: Daniel Allaire
C82: Trésorier

Sheet 2025-10
C3: GROUPE MÉDITATION
C5: =_xlfn.CONCAT("ÉTAT DES RÉSULTATS – ", UPPER(TEXT(DATE(LEFT(RIGHT(CELL("FILENAME"),7),4),RIGHT(RIGHT(CELL("FILENAME"),7),2),1),"MMMM AAAA"))) -> ÉTAT DES RÉSULTATS – OCTOBRE 2025
E8: SOLDE DE LA PETITE CAISSE AU DÉBUT | G8: ='2025-09'!G22 -> 121.58 | L8: → Montant de la fin du mois dernier
E10: Provisions pour la table à café → | G10: =SUMIF(MONTANTS!B:B,RIGHT(CELL("FILENAME"),7), MONTANTS!F:F) -> 0 | L10: N’entrez pas de montants ici ; ils sont calculés automatiquement. Renseignez plutôt la feuille MONTANTS en y insérant vos transactions
E12: Achats de littérature → | G12: =SUMIF(MONTANTS!B:B,RIGHT(CELL("FILENAME"),7), MONTANTS!G:G) -> 0
E14: Dépenses Ad-hoc approuvées → | G14: =SUMIF(MONTANTS!B:B,RIGHT(CELL("FILENAME"),7), MONTANTS!H:H) -> 0
E16: Collectes → | G16: =SUMIF(MONTANTS!B:B,RIGHT(CELL("FILENAME"),7), MONTANTS!D:D) -> 148.2
E18: Ventes de littérature → | G18: =SUMIF(MONTANTS!B:B,RIGHT(CELL("FILENAME"),7), MONTANTS!E:E) -> 0
E20: Dépôt(s) en espèces → | G20: =SUMIF(MONTANTS!B:B,RIGHT(CELL("FILENAME"),7), MONTANTS!I:I) -> 0
E22: SOLDE DE LA PETITE CAISSE À LA FIN | G22: =G8-G10-G12-G14+G16+G18-G20 -> 269.78 | L22: ="→ Maximum autorisé : "&MaximumPetiteCaisse&" sinon c'est drapeau rouge." -> → Maximum autorisé : 250 sinon c'est drapeau rouge.
E26: SOLDE DU COMPTE AU DÉBUT | G26: ='2025-09'!G68 -> 1206.26 | L26: → Montant de la fin du mois dernier
E28: Réserve prudente → | G28: =réserveCible -> 500 | L28: → Montant de la fin du mois dernier
E30: Réserve d’anniversaire → | G30: 170 | L30: → Montant de la fin du mois dernier
E32: Provision pour chèques / virements → | G32: ='2025-09'!G74 -> 400 | L32: → Montant de la fin du mois dernier
E34: Excédent | G34: =G26-SUM(G27:G33)+G8 -> 257.84 | L34: ="→ Tourne au rouge si > "&MaximumExcédent&" car il doit y avoir une bonne raison." -> → Tourne au rouge si > 250 car il doit y avoir une bonne raison.
E38: RETRAITS | G38: =SUM(G39:G47) -> 139.31
E40: Loyer | G40: 0
E42: Remboursement frais Martin | G42: 130.81 | L42: ! À faire approuver à posteriori
E44: Chèques / Virements (Planifiés) | L44: ! Attention si le mois n’est pas terminé
E46: Frais bancaires | G46: 8.5 | L46: ! Attention si le mois n’est pas terminé
E50: DÉPÔTS | G50: =SUM(G51:G57) -> 0
E52: Dons par chèque / virement | G52: 0 | L52: → Chèques / Virements
L54: → Revenu divers
E56: Dépôt(s) en espèces de la Petite Caisse | G56: =G20 -> 0
E60: DISTRIBUTION DE L’EXCÉDENT | G60: =SUM(G62:G65) -> 0 | L60: → Attributions automatiques
E62: District 87-16 | L62: → Calculé selon nos règles concernant l’argent
E64: Centre de Bénévolat de Saint-Basile | L64: → Calculé selon nos règles concernant l’argent
E68: SOLDE DU COMPTE À LA FIN | G68: =G26-G38+G50 -> 1066.95 | L68: → Solde attendu à la fin du mois sur le relevé bancaire
E70: Réserve prudente | G70: =réserveCible -> 500 | L70: → L’objectif du groupe est de : | M70: =réserveCible -> 500 | N70: Ajuster au besoin.
E72: Réserve d’anniversaire | G72: =G30+réserveAnniversaire -> 195 | L72: → Le montant par défaut est | M72: =réserveAnniversaire -> 25
E74: Provision pour chèques / virements | G74: 250 | L74: → Somme engagée. Entrée manuelle. Doit couvrir toutes nos promesses d’Ivrognes
E76: Excédent | G76: =G68-G70-G72-G74+G22 -> 391.73 | L76: ="→ Tourne au rouge si > "&MaximumExcédent&" car il doit y avoir une bonne raison." -> → Tourne au rouge si > 250 car il doit y avoir une bonne raison.
C80: Préparé par :
C81: Daniel Allaire
C82: Trésorier

Sheet 2025-09
C3: GROUPE MÉDITATION
C5: =_xlfn.CONCAT("ÉTAT DES RÉSULTATS – ", UPPER(TEXT(DATE(LEFT(RIGHT(CELL("FILENAME"),7),4),RIGHT(RIGHT(CELL("FILENAME"),7),2),1),"MMMM AAAA"))) -> ÉTAT DES RÉSULTATS – SEPTEMBRE 2025
E8: SOLDE DE LA PETITE CAISSE AU DÉBUT | G8: ='2025-08'!G22 -> 786.09 | L8: → Montant de la fin du mois dernier
E10: Provisions pour la table à café → | G10: =SUMIF(MONTANTS!B:B,RIGHT(CELL("FILENAME"),7), MONTANTS!F:F) -> 17.26 | L10: N’entrez pas de montants ici ; ils sont calculés automatiquement. Renseignez plutôt la feuille MONTANTS en y insérant vos transactions
E12: Achats de littérature → | G12: =SUMIF(MONTANTS!B:B,RIGHT(CELL("FILENAME"),7), MONTANTS!G:G) -> 0
E14: Dépenses Ad-hoc approuvées → | G14: =SUMIF(MONTANTS!B:B,RIGHT(CELL("FILENAME"),7), MONTANTS!H:H) -> 0
E16: Collectes → | G16: =SUMIF(MONTANTS!B:B,RIGHT(CELL("FILENAME"),7), MONTANTS!D:D) -> 87.75
E18: Ventes de littérature → | G18: =SUMIF(MONTANTS!B:B,RIGHT(CELL("FILENAME"),7), MONTANTS!E:E) -> 0
E20: Dépôt(s) en espèces → | G20: =SUMIF(MONTANTS!B:B,RIGHT(CELL("FILENAME"),7), MONTANTS!I:I) -> 735
E22: SOLDE DE LA PETITE CAISSE À LA FIN | G22: =G8-G10-G12-G14+G16+G18-G20 -> 121.58 | L22: ="→ Maximum autorisé : "&MaximumPetiteCaisse&" sinon c'est drapeau rouge." -> → Maximum autorisé : 250 sinon c'est drapeau rouge.
E26: SOLDE DU COMPTE AU DÉBUT | G26: ='2025-08'!G68 -> 981.26 | L26: → Montant de la fin du mois dernier
E28: Réserve prudente → | G28: =réserveCible -> 500 | L28: → Montant de la fin du mois dernier
E30: Réserve d’anniversaire → | G30: ='2025-08'!G72 -> 275 | L30: → Montant de la fin du mois dernier
E32: Provision pour chèques / virements → | G32: ='2025-08'!G74 -> 900 | L32: → Montant de la fin du mois dernier
E34: Excédent | G34: =G26-SUM(G27:G33)+G8 -> 92.35 | L34: ="→ Tourne au rouge si > "&MaximumExcédent&" car il doit y avoir une bonne raison." -> → Tourne au rouge si > 250 car il doit y avoir une bonne raison.
E38: RETRAITS | G38: =SUM(G39:G47) -> 510
E40: Loyer | G40: 0
L42: ! À faire approuver à posteriori
E44: Chèques / Virements (Planifiés) | G44: 500 | L44: ! Attention si le mois n’est pas terminé
E46: Frais bancaires | G46: 10 | L46: ! Attention si le mois n’est pas terminé
E50: DÉPÔTS | G50: =SUM(G51:G57) -> 735
E52: Dons par chèque / virement | G52: 0 | L52: → Chèques / Virements
L54: → Revenu divers
E56: Dépôt(s) en espèces de la Petite Caisse | G56: =G20 -> 735
E60: DISTRIBUTION DE L’EXCÉDENT | G60: =SUM(G62:G65) -> 0 | L60: → Attributions automatiques
E62: District 87-16 | L62: → Calculé selon nos règles concernant l’argent
E64: Centre de Bénévolat de Saint-Basile | L64: → Calculé selon nos règles concernant l’argent
E68: SOLDE DU COMPTE À LA FIN | G68: =G26-G38+G50 -> 1206.26 | L68: → Solde attendu à la fin du mois sur le relevé bancaire
E70: Réserve prudente | G70: =réserveCible -> 500 | L70: → L’objectif du groupe est de : | M70: =réserveCible -> 500 | N70: Ajuster au besoin.
E72: Réserve d’anniversaire | G72: =G30+réserveAnniversaire -> 300 | L72: → Le montant par défaut est | M72: =réserveAnniversaire -> 25
E74: Provision pour chèques / virements | G74: 400 | L74: → Somme engagée. Entrée manuelle. Doit couvrir toutes nos promesses d’Ivrognes
E76: Excédent | G76: =G68-G70-G72-G74+G22 -> 127.84 | L76: ="→ Tourne au rouge si > "&MaximumExcédent&" car il doit y avoir une bonne raison." -> → Tourne au rouge si > 250 car il doit y avoir une bonne raison.
C80: Préparé par :
C81: Daniel Allaire
C82: Trésorier

Sheet 2025-08
C3: GROUPE MÉDITATION
C5: =_xlfn.CONCAT("ÉTAT DES RÉSULTATS – ", UPPER(TEXT(DATE(LEFT(RIGHT(CELL("FILENAME"),7),4),RIGHT(RIGHT(CELL("FILENAME"),7),2),1),"MMMM AAAA"))) -> ÉTAT DES RÉSULTATS – AOÛT 2025
E8: SOLDE DE LA PETITE CAISSE AU DÉBUT | G8: ='2025-07'!G22 -> 686.86 | L8: → Montant de la fin du mois dernier
E10: Provisions pour la table à café → | G10: =SUMIF(MONTANTS!B:B,RIGHT(CELL("FILENAME"),7), MONTANTS!F:F) -> 33.67 | L10: N’entrez pas de montants ici ; ils sont calculés automatiquement. Renseignez plutôt la feuille MONTANTS en y insérant vos transactions
E12: Achats de littérature → | G12: =SUMIF(MONTANTS!B:B,RIGHT(CELL("FILENAME"),7), MONTANTS!G:G) -> 0
E14: Dépenses Ad-hoc approuvées → | G14: =SUMIF(MONTANTS!B:B,RIGHT(CELL("FILENAME"),7), MONTANTS!H:H) -> 0
E16: Collectes → | G16: =SUMIF(MONTANTS!B:B,RIGHT(CELL("FILENAME"),7), MONTANTS!D:D) -> 122.9
E18: Ventes de littérature → | G18: =SUMIF(MONTANTS!B:B,RIGHT(CELL("FILENAME"),7), MONTANTS!E:E) -> 10
E20: Dépôt(s) en espèces → | G20: =SUMIF(MONTANTS!B:B,RIGHT(CELL("FILENAME"),7), MONTANTS!I:I) -> 0
E22: SOLDE DE LA PETITE CAISSE À LA FIN | G22: =G8-G10-G12-G14+G16+G18-G20 -> 786.09 | L22: ="→ Maximum autorisé : "&MaximumPetiteCaisse&" sinon c'est drapeau rouge." -> → Maximum autorisé : 250 sinon c'est drapeau rouge.
E26: SOLDE DU COMPTE AU DÉBUT | G26: ='2025-07'!G68 -> 988.26 | L26: → Montant de la fin du mois dernier
E28: Réserve prudente → | G28: =réserveCible -> 500 | L28: → Montant de la fin du mois dernier
E30: Réserve d’anniversaire → | G30: ='2025-07'!G72 -> 250 | L30: → Montant de la fin du mois dernier
E32: Provision pour chèques / virements → | G32: ='2025-07'!G74 -> 0 | L32: → Montant de la fin du mois dernier
E34: Excédent | G34: =G26-SUM(G27:G33)+G8 -> 925.12 | L34: ="→ Tourne au rouge si > "&MaximumExcédent&" car il doit y avoir une bonne raison." -> → Tourne au rouge si > 250 car il doit y avoir une bonne raison.
E38: RETRAITS | G38: =SUM(G39:G47) -> 7
E40: Loyer | G40: 0
L42: ! À faire approuver à posteriori
E44: Chèques / Virements (Planifiés) | G44: 0 | L44: ! Attention si le mois n’est pas terminé
E46: Frais bancaires | G46: 7 | L46: ! Attention si le mois n’est pas terminé
E50: DÉPÔTS | G50: =SUM(G51:G57) -> 0
E52: Dons par chèque / virement | G52: 0 | L52: → Chèques / Virements
L54: → Revenu divers
E56: Dépôt(s) en espèces de la Petite Caisse | G56: =G20 -> 0
E60: DISTRIBUTION DE L’EXCÉDENT | G60: =SUM(G62:G65) -> 0 | L60: → Attributions automatiques
E62: District 87-16 | L62: → Calculé selon nos règles concernant l’argent
E64: Centre de Bénévolat de Saint-Basile | L64: → Calculé selon nos règles concernant l’argent
E68: SOLDE DU COMPTE À LA FIN | G68: =G26-G38+G50 -> 981.26 | L68: → Solde attendu à la fin du mois sur le relevé bancaire
E70: Réserve prudente | G70: =réserveCible -> 500 | L70: → L’objectif du groupe est de : | M70: =réserveCible -> 500 | N70: Ajuster au besoin.
E72: Réserve d’anniversaire | G72: =G30+réserveAnniversaire -> 275 | L72: → Le montant par défaut est | M72: =réserveAnniversaire -> 25
E74: Provision pour chèques / virements | G74: 900 | L74: → Somme engagée. Entrée manuelle. Doit couvrir toutes nos promesses d’Ivrognes
E76: Excédent | G76: =G68-G70-G72-G74+G22 -> 92.35 | L76: ="→ Tourne au rouge si > "&MaximumExcédent&" car il doit y avoir une bonne raison." -> → Tourne au rouge si > 250 car il doit y avoir une bonne raison.
C80: Préparé par :
C81: Daniel Allaire
C82: Trésorier

Sheet 2025-07
C3: GROUPE MÉDITATION
C5: =_xlfn.CONCAT("ÉTAT DES RÉSULTATS – ", UPPER(TEXT(DATE(LEFT(RIGHT(CELL("FILENAME"),7),4),RIGHT(RIGHT(CELL("FILENAME"),7),2),1),"MMMM AAAA"))) -> ÉTAT DES RÉSULTATS – JUILLET 2025
E8: SOLDE DE LA PETITE CAISSE AU DÉBUT | G8: ='2025-06'!G22 -> 490.21 | L8: → Montant de la fin du mois dernier
E10: Provisions pour la table à café → | G10: =SUMIF(MONTANTS!B:B,RIGHT(CELL("FILENAME"),7), MONTANTS!F:F) -> 0 | L10: N’entrez pas de montants ici ; ils sont calculés automatiquement. Renseignez plutôt la feuille MONTANTS en y insérant vos transactions
E12: Achats de littérature → | G12: =SUMIF(MONTANTS!B:B,RIGHT(CELL("FILENAME"),7), MONTANTS!G:G) -> 0
E14: Dépenses Ad-hoc approuvées → | G14: =SUMIF(MONTANTS!B:B,RIGHT(CELL("FILENAME"),7), MONTANTS!H:H) -> 0
E16: Collectes → | G16: =SUMIF(MONTANTS!B:B,RIGHT(CELL("FILENAME"),7), MONTANTS!D:D) -> 196.65
E18: Ventes de littérature → | G18: =SUMIF(MONTANTS!B:B,RIGHT(CELL("FILENAME"),7), MONTANTS!E:E) -> 0
E20: Dépôt(s) en espèces → | G20: =SUMIF(MONTANTS!B:B,RIGHT(CELL("FILENAME"),7), MONTANTS!I:I) -> 0
E22: SOLDE DE LA PETITE CAISSE À LA FIN | G22: =G8-G10-G12-G14+G16+G18-G20 -> 686.86 | L22: ="→ Maximum autorisé : "&MaximumPetiteCaisse&" sinon c'est drapeau rouge." -> → Maximum autorisé : 250 sinon c'est drapeau rouge.
E26: SOLDE DU COMPTE AU DÉBUT | G26: ='2025-06'!G68 -> 995.26 | L26: → Montant de la fin du mois dernier
E28: Réserve prudente → | G28: ='2025-06'!G70 -> 500 | L28: → Montant de la fin du mois dernier
E30: Réserve d’anniversaire → | G30: ='2025-06'!G72 -> 225 | L30: → Montant de la fin du mois dernier
E32: Provision pour chèques / virements → | G32: ='2025-06'!G74 -> 0 | L32: → Montant de la fin du mois dernier
E34: Excédent | G34: =G26-SUM(G27:G33)+G8 -> 760.47 | L34: ="→ Tourne au rouge si > "&MaximumExcédent&" car il doit y avoir une bonne raison." -> → Tourne au rouge si > 250 car il doit y avoir une bonne raison.
E38: RETRAITS | G38: =SUM(G39:G47) -> 7
E40: Loyer | G40: 0
L42: ! À faire approuver à posteriori
E44: Chèques / Virements (Planifiés) | G44: 0 | L44: ! Attention si le mois n’est pas terminé
E46: Frais bancaires | G46: 7 | L46: ! Attention si le mois n’est pas terminé
E50: DÉPÔTS | G50: =SUM(G51:G57) -> 0
E52: Dons par chèque / virement | G52: 0 | L52: → Chèques / Virements
L54: → Revenu divers
E56: Dépôt(s) en espèces de la Petite Caisse | G56: =G20 -> 0
E60: DISTRIBUTION DE L’EXCÉDENT | G60: =SUM(G62:G65) -> 0 | L60: → Attributions automatiques
E62: District 87-16 | L62: → Calculé selon nos règles concernant l’argent
E64: Centre de Bénévolat de Saint-Basile | L64: → Calculé selon nos règles concernant l’argent
E68: SOLDE DU COMPTE À LA FIN | G68: =G26-G38+G50 -> 988.26 | L68: → Solde attendu à la fin du mois sur le relevé bancaire
E70: Réserve prudente | G70: =réserveCible -> 500 | L70: → L’objectif du groupe est de : | M70: =réserveCible -> 500 | N70: Ajuster au besoin.
E72: Réserve d’anniversaire | G72: =G30+réserveAnniversaire -> 250 | L72: → Le montant par défaut est | M72: =réserveAnniversaire -> 25
E74: Provision pour chèques / virements | L74: → Somme engagée. Entrée manuelle. Doit couvrir toutes nos promesses d’Ivrognes
E76: Excédent | G76: =G68-G70-G72-G74+G22 -> 925.12 | L76: ="→ Tourne au rouge si > "&MaximumExcédent&" car il doit y avoir une bonne raison." -> → Tourne au rouge si > 250 car il doit y avoir une bonne raison.
C80: Préparé par :
C81: Daniel Allaire
C82: Trésorier

Sheet 2025-06
C3: GROUPE MÉDITATION
C5: =_xlfn.CONCAT("ÉTAT DES RÉSULTATS – ", UPPER(TEXT(DATE(LEFT(RIGHT(CELL("FILENAME"),7),4),RIGHT(RIGHT(CELL("FILENAME"),7),2),1),"MMMM AAAA"))) -> ÉTAT DES RÉSULTATS – JUIN 2025
E8: SOLDE DE LA PETITE CAISSE AU DÉBUT | G8: ='2025-05'!G22 -> 277.61 | L8: → Montant de la fin du mois dernier
E10: Provisions pour la table à café → | G10: =SUMIF(MONTANTS!B:B,RIGHT(CELL("FILENAME"),7), MONTANTS!F:F) -> 3.85 | L10: N’entrez pas de montants ici ; ils sont calculés automatiquement. Renseignez plutôt la feuille MONTANTS en y insérant vos transactions
E12: Achats de littérature → | G12: =SUMIF(MONTANTS!B:B,RIGHT(CELL("FILENAME"),7), MONTANTS!G:G) -> 0
E14: Dépenses Ad-hoc approuvées → | G14: =SUMIF(MONTANTS!B:B,RIGHT(CELL("FILENAME"),7), MONTANTS!H:H) -> 0
E16: Collectes → | G16: =SUMIF(MONTANTS!B:B,RIGHT(CELL("FILENAME"),7), MONTANTS!D:D) -> 201.45
E18: Ventes de littérature → | G18: =SUMIF(MONTANTS!B:B,RIGHT(CELL("FILENAME"),7), MONTANTS!E:E) -> 15
E20: Dépôt(s) en espèces → | G20: =SUMIF(MONTANTS!B:B,RIGHT(CELL("FILENAME"),7), MONTANTS!I:I) -> 0
E22: SOLDE DE LA PETITE CAISSE À LA FIN | G22: =G8-G10-G12-G14+G16+G18-G20 -> 490.21 | L22: ="→ Maximum autorisé : "&MaximumPetiteCaisse&" sinon c'est drapeau rouge." -> → Maximum autorisé : 250 sinon c'est drapeau rouge.
E26: SOLDE DU COMPTE AU DÉBUT | G26: ='2025-05'!G68 -> 1105.52 | L26: → Montant de la fin du mois dernier
E28: Réserve prudente → | G28: ='2025-05'!G70 -> 500 | L28: → Montant de la fin du mois dernier
E30: Réserve d’anniversaire → | G30: ='2025-05'!G72 -> 200 | L30: → Montant de la fin du mois dernier
E32: Provision pour chèques / virements → | G32: ='2025-05'!G74 -> 0 | L32: → Montant de la fin du mois dernier
E34: Excédent | G34: =G26-SUM(G27:G33)+G8 -> 683.13 | L34: ="→ Tourne au rouge si > "&MaximumExcédent&" car il doit y avoir une bonne raison." -> → Tourne au rouge si > 250 car il doit y avoir une bonne raison.
E38: RETRAITS | G38: =SUM(G39:G47) -> 110.75
E40: Loyer | G40: 0
E42: Remboursement litterature (Yannick) | G42: 102.85 | L42: ! À faire approuver à posteriori
E44: Chèques / Virements (Planifiés) | G44: 0 | L44: ! Attention si le mois n’est pas terminé
E46: Frais bancaires | G46: 7.9 | L46: ! Attention si le mois n’est pas terminé
E50: DÉPÔTS | G50: =SUM(G51:G57) -> 0.49
E52: Dons par chèque / virement | G52: 0 | L52: → Chèques / Virements
E54: Ristourne | G54: 0.49 | L54: → Revenu divers
E56: Dépôt(s) en espèces de la Petite Caisse | G56: =G20 -> 0
E60: DISTRIBUTION DE L’EXCÉDENT | G60: =SUM(G62:G65) -> 0 | L60: → Attributions automatiques
E62: District 87-16 | L62: → Calculé selon nos règles concernant l’argent
E64: Centre de Bénévolat de Saint-Basile | L64: → Calculé selon nos règles concernant l’argent
E68: SOLDE DU COMPTE À LA FIN | G68: =G26-G38+G50 -> 995.26 | L68: → Solde attendu à la fin du mois sur le relevé bancaire
E70: Réserve prudente | G70: =réserveCible -> 500 | L70: → L’objectif du groupe est de : | M70: =réserveCible -> 500 | N70: Ajuster au besoin.
E72: Réserve d’anniversaire | G72: =G30+réserveAnniversaire -> 225 | L72: → Le montant par défaut est | M72: =réserveAnniversaire -> 25
E74: Provision pour chèques / virements | L74: → Somme engagée. Entrée manuelle. Doit couvrir toutes nos promesses d’Ivrognes
E76: Excédent | G76: =G68-G70-G72-G74+G22 -> 760.47 | L76: ="→ Tourne au rouge si > "&MaximumExcédent&" car il doit y avoir une bonne raison." -> → Tourne au rouge si > 250 car il doit y avoir une bonne raison.
C80: Préparé par :
C81: Daniel Allaire
C82: Trésorier

Sheet 2025-05
C3: GROUPE MÉDITATION
C5: =_xlfn.CONCAT("ÉTAT DES RÉSULTATS – ", UPPER(TEXT(DATE(LEFT(RIGHT(CELL("FILENAME"),7),4),RIGHT(RIGHT(CELL("FILENAME"),7),2),1),"MMMM AAAA"))) -> ÉTAT DES RÉSULTATS – MAI 2025
E8: SOLDE DE LA PETITE CAISSE AU DÉBUT | G8: ='2025-04'!G22 -> 249.7 | L8: → Montant de la fin du mois dernier
E10: Provisions pour la table à café → | G10: =SUMIF(MONTANTS!B:B,RIGHT(CELL("FILENAME"),7), MONTANTS!F:F) -> 27.59 | L10: N’entrez pas de montants ici ; ils sont calculés automatiquement. Renseignez plutôt la feuille MONTANTS en y insérant vos transactions
E12: Achats de littérature → | G12: =SUMIF(MONTANTS!B:B,RIGHT(CELL("FILENAME"),7), MONTANTS!G:G) -> 0
E14: Dépenses Ad-hoc approuvées → | G14: =SUMIF(MONTANTS!B:B,RIGHT(CELL("FILENAME"),7), MONTANTS!H:H) -> 0
E16: Collectes → | G16: =SUMIF(MONTANTS!B:B,RIGHT(CELL("FILENAME"),7), MONTANTS!D:D) -> 208.6
E18: Ventes de littérature → | G18: =SUMIF(MONTANTS!B:B,RIGHT(CELL("FILENAME"),7), MONTANTS!E:E) -> 8.9
E20: Dépôt(s) en espèces → | G20: =SUMIF(MONTANTS!B:B,RIGHT(CELL("FILENAME"),7), MONTANTS!I:I) -> 162
E22: SOLDE DE LA PETITE CAISSE À LA FIN | G22: =G8-G10-G12-G14+G16+G18-G20 -> 277.61 | L22: ="→ Maximum autorisé : "&MaximumPetiteCaisse&" sinon c'est drapeau rouge." -> → Maximum autorisé : 250 sinon c'est drapeau rouge.
E26: SOLDE DU COMPTE AU DÉBUT | G26: ='2025-04'!G68 -> 951.77 | L26: → Montant de la fin du mois dernier
E28: Réserve prudente → | G28: ='2025-04'!G70 -> 500 | L28: → Montant de la fin du mois dernier
E30: Réserve d’anniversaire → | G30: ='2025-04'!G72 -> 175 | L30: → Montant de la fin du mois dernier
E32: Provision pour chèques / virements → | G32: ='2025-04'!G74 -> 0 | L32: → Montant de la fin du mois dernier
E34: Excédent | G34: =G26-SUM(G27:G33)+G8 -> 526.47 | L34: ="→ Tourne au rouge si > "&MaximumExcédent&" car il doit y avoir une bonne raison." -> → Tourne au rouge si > 250 car il doit y avoir une bonne raison.
E38: RETRAITS | G38: =SUM(G39:G47) -> 8.25
E40: Loyer | G40: 0
E42: Retrait imprévu et urgent | G42: 0 | L42: ! À faire approuver à posteriori
E44: Chèques / Virements (Planifiés) | G44: 0 | L44: ! Attention si le mois n’est pas terminé
E46: Frais bancaires | G46: 8.25 | L46: ! Attention si le mois n’est pas terminé
E50: DÉPÔTS | G50: =SUM(G51:G57) -> 162
E52: Dons par chèque / virement | G52: 0 | L52: → Chèques / Virements
G54: 0 | L54: → Revenu divers
E56: Dépôt(s) en espèces de la Petite Caisse | G56: =G20 -> 162
E60: DISTRIBUTION DE L’EXCÉDENT | G60: =SUM(G62:G65) -> 0 | L60: → Attributions automatiques
E62: District 87-16 | L62: → Calculé selon nos règles concernant l’argent
E64: Centre de Bénévolat de Saint-Basile | L64: → Calculé selon nos règles concernant l’argent
E68: SOLDE DU COMPTE À LA FIN | G68: =G26-G38+G50 -> 1105.52 | L68: → Solde attendu à la fin du mois sur le relevé bancaire
E70: Réserve prudente | G70: =réserveCible -> 500 | L70: → L’objectif du groupe est de : | M70: =réserveCible -> 500 | N70: Ajuster au besoin.
E72: Réserve d’anniversaire | G72: =G30+réserveAnniversaire -> 200 | L72: → Le montant par défaut est | M72: =réserveAnniversaire -> 25
E74: Provision pour chèques / virements | L74: → Somme engagée. Entrée manuelle. Doit couvrir toutes nos promesses d’Ivrognes
E76: Excédent | G76: =G68-G70-G72-G74+G22 -> 683.13 | L76: ="→ Tourne au rouge si > "&MaximumExcédent&" car il doit y avoir une bonne raison." -> → Tourne au rouge si > 250 car il doit y avoir une bonne raison.
C80: Préparé par :
C81: Daniel Allaire
C82: Trésorier

Sheet 2025-04
C3: GROUPE MÉDITATION
C5: =_xlfn.CONCAT("ÉTAT DES RÉSULTATS – ", UPPER(TEXT(DATE(LEFT(RIGHT(CELL("FILENAME"),7),4),RIGHT(RIGHT(CELL("FILENAME"),7),2),1),"MMMM AAAA"))) -> ÉTAT DES RÉSULTATS – AVRIL 2025
E8: SOLDE DE LA PETITE CAISSE AU DÉBUT | G8: ='2025-03'!G22 -> -5.15 | L8: → Montant de la fin du mois dernier
E10: Provisions pour la table à café → | G10: =SUMIF(MONTANTS!B:B,RIGHT(CELL("FILENAME"),7), MONTANTS!F:F) -> 20.65 | L10: N’entrez pas de montants ici ; ils sont calculés automatiquement. Renseignez plutôt la feuille MONTANTS en y insérant vos transactions
E12: Achats de littérature → | G12: =SUMIF(MONTANTS!B:B,RIGHT(CELL("FILENAME"),7), MONTANTS!G:G) -> 0
E14: Dépenses Ad-hoc approuvées → | G14: =SUMIF(MONTANTS!B:B,RIGHT(CELL("FILENAME"),7), MONTANTS!H:H) -> 0
E16: Collectes → | G16: =SUMIF(MONTANTS!B:B,RIGHT(CELL("FILENAME"),7), MONTANTS!D:D) -> 265.5
E18: Ventes de littérature → | G18: =SUMIF(MONTANTS!B:B,RIGHT(CELL("FILENAME"),7), MONTANTS!E:E) -> 10
E20: Dépôt(s) en espèces → | G20: =SUMIF(MONTANTS!B:B,RIGHT(CELL("FILENAME"),7), MONTANTS!I:I) -> 0
E22: SOLDE DE LA PETITE CAISSE À LA FIN | G22: =G8-G10-G12-G14+G16+G18-G20 -> 249.7 | L22: ="→ Maximum autorisé : "&MaximumPetiteCaisse&" sinon c'est drapeau rouge." -> → Maximum autorisé : 250 sinon c'est drapeau rouge.
E26: SOLDE DU COMPTE AU DÉBUT | G26: ='2025-03'!G68 -> 1211.07 | L26: → Montant de la fin du mois dernier
E28: Réserve prudente → | G28: ='2025-03'!G70 -> 500 | L28: → Montant de la fin du mois dernier
E30: Réserve d’anniversaire → | G30: ='2025-03'!G72 -> 150 | L30: → Montant de la fin du mois dernier
E32: Provision pour chèques / virements → | G32: ='2025-03'!G74 -> 550 | L32: → Montant de la fin du mois dernier
E34: Excédent | G34: =G26-SUM(G27:G33)+G8 -> 5.92 | L34: ="→ Tourne au rouge si > "&MaximumExcédent&" car il doit y avoir une bonne raison." -> → Tourne au rouge si > 250 car il doit y avoir une bonne raison.
E38: RETRAITS | G38: =SUM(G39:G47) -> 559.3
E40: Loyer | G40: 0
E42: Retrait imprévu et urgent | G42: 0 | L42: ! À faire approuver à posteriori
E44: Chèques / Virements (Planifiés) | G44: 550 | L44: ! Attention si le mois n’est pas terminé
E46: Frais bancaires | G46: 9.3 | L46: ! Attention si le mois n’est pas terminé
E50: DÉPÔTS | G50: =SUM(G51:G57) -> 300
E52: Dons par chèque / virement | G52: 0 | L52: → Chèques / Virements
E54: ERREUR : DÉPÔT AU MAUVAIS COMPTE | G54: 300 | L54: → Revenu divers
E56: Dépôt(s) en espèces de la Petite Caisse | G56: =G20 -> 0
E60: DISTRIBUTION DE L’EXCÉDENT | G60: =SUM(G62:G65) -> 0 | L60: → Attributions automatiques
E62: District 87-16 | L62: → Calculé selon nos règles concernant l’argent
E64: Centre de Bénévolat de Saint-Basile | L64: → Calculé selon nos règles concernant l’argent
E68: SOLDE DU COMPTE À LA FIN | G68: =G26-G38+G50 -> 951.77 | L68: → Solde attendu à la fin du mois sur le relevé bancaire
E70: Réserve prudente | G70: =réserveCible -> 500 | L70: → L’objectif du groupe est de : | M70: =réserveCible -> 500 | N70: Ajuster au besoin.
E72: Réserve d’anniversaire | G72: =G30+réserveAnniversaire -> 175 | L72: → Le montant par défaut est | M72: =réserveAnniversaire -> 25
E74: Provision pour chèques / virements | L74: → Somme engagée. Entrée manuelle. Doit couvrir toutes nos promesses d’Ivrognes
E76: Excédent | G76: =G68-G70-G72-G74+G22 -> 526.47 | L76: ="→ Tourne au rouge si > "&MaximumExcédent&" car il doit y avoir une bonne raison." -> → Tourne au rouge si > 250 car il doit y avoir une bonne raison.
C80: Préparé par :
C81: Daniel Allaire
C82: Trésorier

Sheet 2025-03
C3: GROUPE MÉDITATION
C5: =_xlfn.CONCAT("ÉTAT DES RÉSULTATS – ", UPPER(TEXT(DATE(LEFT(RIGHT(CELL("FILENAME"),7),4),RIGHT(RIGHT(CELL("FILENAME"),7),2),1),"MMMM AAAA"))) -> ÉTAT DES RÉSULTATS – MARS 2025
E8: SOLDE DE LA PETITE CAISSE AU DÉBUT | G8: ='2025-02'!G22 -> -42.9 | L8: → Montant de la fin du mois dernier
E10: Provisions pour la table à café → | G10: =SUMIF(MONTANTS!B:B,RIGHT(CELL("FILENAME"),7), MONTANTS!F:F) -> 12.48 | L10: N’entrez pas de montants ici ; ils sont calculés automatiquement. Renseignez plutôt la feuille MONTANTS en y insérant vos transactions
E12: Achats de littérature → | G12: =SUMIF(MONTANTS!B:B,RIGHT(CELL("FILENAME"),7), MONTANTS!G:G) -> 140.17
E14: Dépenses Ad-hoc approuvées → | G14: =SUMIF(MONTANTS!B:B,RIGHT(CELL("FILENAME"),7), MONTANTS!H:H) -> 0
E16: Collectes → | G16: =SUMIF(MONTANTS!B:B,RIGHT(CELL("FILENAME"),7), MONTANTS!D:D) -> 170.8
E18: Ventes de littérature → | G18: =SUMIF(MONTANTS!B:B,RIGHT(CELL("FILENAME"),7), MONTANTS!E:E) -> 19.6
E20: Dépôt(s) en espèces → | G20: =SUMIF(MONTANTS!B:B,RIGHT(CELL("FILENAME"),7), MONTANTS!I:I) -> 0
E22: SOLDE DE LA PETITE CAISSE À LA FIN | G22: =G8-G10-G12-G14+G16+G18-G20 -> -5.15 | L22: ="→ Maximum autorisé : "&MaximumPetiteCaisse&" sinon c'est drapeau rouge." -> → Maximum autorisé : 250 sinon c'est drapeau rouge.
E26: SOLDE DU COMPTE AU DÉBUT | G26: ='2025-02'!G68 -> 1218.07 | L26: → Montant de la fin du mois dernier
E28: Réserve prudente → | G28: ='2025-02'!G70 -> 500 | L28: → Montant de la fin du mois dernier
E30: Réserve d’anniversaire → | G30: ='2025-02'!G72 -> 125 | L30: → Montant de la fin du mois dernier
E32: Provision pour chèques / virements → | G32: ='2025-02'!G74 -> 550 | L32: → Montant de la fin du mois dernier
E34: Excédent | G34: =G26-SUM(G27:G33)+G8 -> 0.17 | L34: ="→ Tourne au rouge si > "&MaximumExcédent&" car il doit y avoir une bonne raison." -> → Tourne au rouge si > 250 car il doit y avoir une bonne raison.
E38: RETRAITS | G38: =SUM(G39:G47) -> 7
E40: Loyer | G40: 0
E42: Retrait imprévu et urgent | G42: 0 | L42: ! À faire approuver à posteriori
E44: Chèques / Virements (Planifiés) | G44: 0 | L44: ! Attention si le mois n’est pas terminé
E46: Frais bancaires | G46: 7 | L46: ! Attention si le mois n’est pas terminé
E50: DÉPÔTS | G50: =SUM(G51:G57) -> 0
E52: Dons par chèque / virement | G52: 0 | L52: → Chèques / Virements
G54: 0 | L54: → Revenu divers
E56: Dépôt(s) en espèces de la Petite Caisse | G56: =G20 -> 0
E60: DISTRIBUTION DE L’EXCÉDENT | G60: =SUM(G62:G65) -> 0 | L60: → Attributions automatiques
E62: District 87-16 | L62: → Calculé selon nos règles concernant l’argent
E64: Centre de Bénévolat de Saint-Basile | L64: → Calculé selon nos règles concernant l’argent
E68: SOLDE DU COMPTE À LA FIN | G68: =G26-G38+G50 -> 1211.07 | L68: → Solde attendu à la fin du mois sur le relevé bancaire
E70: Réserve prudente | G70: =réserveCible -> 500 | L70: → L’objectif du groupe est de : | M70: =réserveCible -> 500 | N70: Ajuster au besoin.
E72: Réserve d’anniversaire | G72: =G30+réserveAnniversaire -> 150 | L72: → Le montant par défaut est | M72: =réserveAnniversaire -> 25
E74: Provision pour chèques / virements | G74: 550 | L74: → Somme engagée. Entrée manuelle. Doit couvrir toutes nos promesses d’Ivrognes
E76: Excédent | G76: =G68-G70-G72-G74+G22 -> 5.92 | L76: ="→ Tourne au rouge si > "&MaximumExcédent&" car il doit y avoir une bonne raison." -> → Tourne au rouge si > 250 car il doit y avoir une bonne raison.
C80: Préparé par :
C81: Daniel Allaire
C82: Trésorier

Sheet 2025-02
C3: GROUPE MÉDITATION
C5: =_xlfn.CONCAT("ÉTAT DES RÉSULTATS – ", UPPER(TEXT(DATE(LEFT(RIGHT(CELL("FILENAME"),7),4),RIGHT(RIGHT(CELL("FILENAME"),7),2),1),"MMMM AAAA"))) -> ÉTAT DES RÉSULTATS – FÉVRIER 2025
E8: SOLDE DE LA PETITE CAISSE AU DÉBUT | G8: ='2025-01'!G22 -> -194.23 | L8: → Montant de la fin du mois dernier
E10: Provisions pour la table à café → | G10: =SUMIF(MONTANTS!B:B,RIGHT(CELL("FILENAME"),7), MONTANTS!F:F) -> 13.17 | L10: N’entrez pas de montants ici ; ils sont calculés automatiquement. Renseignez plutôt la feuille MONTANTS en y insérant vos transactions
E12: Achats de littérature → | G12: =SUMIF(MONTANTS!B:B,RIGHT(CELL("FILENAME"),7), MONTANTS!G:G) -> 0
E14: Dépenses Ad-hoc approuvées → | G14: =SUMIF(MONTANTS!B:B,RIGHT(CELL("FILENAME"),7), MONTANTS!H:H) -> 0
E16: Collectes → | G16: =SUMIF(MONTANTS!B:B,RIGHT(CELL("FILENAME"),7), MONTANTS!D:D) -> 143.5
E18: Ventes de littérature → | G18: =SUMIF(MONTANTS!B:B,RIGHT(CELL("FILENAME"),7), MONTANTS!E:E) -> 21
E20: Dépôt(s) en espèces → | G20: =SUMIF(MONTANTS!B:B,RIGHT(CELL("FILENAME"),7), MONTANTS!I:I) -> 0
E22: SOLDE DE LA PETITE CAISSE À LA FIN | G22: =G8-G10-G12-G14+G16+G18-G20 -> -42.9 | L22: ="→ Maximum autorisé : "&MaximumPetiteCaisse&" sinon c'est drapeau rouge." -> → Maximum autorisé : 250 sinon c'est drapeau rouge.
E26: SOLDE DU COMPTE AU DÉBUT | G26: ='2025-01'!G68 -> 1225.07 | L26: → Montant de la fin du mois dernier
E28: Réserve prudente → | G28: ='2025-01'!G70 -> 500 | L28: → Montant de la fin du mois dernier
E30: Réserve d’anniversaire → | G30: ='2025-01'!G72 -> 100 | L30: → Montant de la fin du mois dernier
E32: Provision pour chèques / virements → | G32: ='2025-01'!G74 -> 0 | L32: → Montant de la fin du mois dernier
E34: Excédent | G34: =G26-SUM(G27:G33)+G8 -> 430.84 | L34: ="→ Tourne au rouge si > "&MaximumExcédent&" car il doit y avoir une bonne raison." -> → Tourne au rouge si > 250 car il doit y avoir une bonne raison.
E38: RETRAITS | G38: =SUM(G39:G47) -> 7
E40: Loyer | G40: 0
E42: Retrait imprévu et urgent | G42: 0 | L42: ! À faire approuver à posteriori
E44: Chèques / Virements (Planifiés) | G44: 0 | L44: ! Attention si le mois n’est pas terminé
E46: Frais bancaires | G46: 7 | L46: ! Attention si le mois n’est pas terminé
E50: DÉPÔTS | G50: =SUM(G51:G57) -> 0
E52: Dons par chèque / virement | G52: 0 | L52: → Chèques / Virements
G54: 0 | L54: → Revenu divers
E56: Dépôt(s) en espèces de la Petite Caisse | G56: =G20 -> 0
E60: DISTRIBUTION DE L’EXCÉDENT | G60: =SUM(G62:G65) -> 550 | L60: → Attributions automatiques
E62: District 87-16 | G62: 300 | L62: → Calculé selon nos règles concernant l’argent
E64: Centre de Bénévolat de Saint-Basile | G64: 250 | L64: → Calculé selon nos règles concernant l’argent
E68: SOLDE DU COMPTE À LA FIN | G68: =G26-G38+G50 -> 1218.07 | L68: → Solde attendu à la fin du mois sur le relevé bancaire
E70: Réserve prudente | G70: =réserveCible -> 500 | L70: → L’objectif du groupe est de : | M70: =réserveCible -> 500 | N70: Ajuster au besoin.
E72: Réserve d’anniversaire | G72: =G30+réserveAnniversaire -> 125 | L72: → Le montant par défaut est | M72: =réserveAnniversaire -> 25
E74: Provision pour chèques / virements | G74: =300+250 -> 550 | L74: → Somme engagée. Entrée manuelle. Doit couvrir toutes nos promesses d’Ivrognes
E76: Excédent | G76: =G68-G70-G72-G74+G22 -> 0.17 | L76: ="→ Tourne au rouge si > "&MaximumExcédent&" car il doit y avoir une bonne raison." -> → Tourne au rouge si > 250 car il doit y avoir une bonne raison.
C80: Préparé par :
C81: Daniel Allaire
C82: Trésorier

Sheet 2025-01
C3: GROUPE MÉDITATION
C5: =_xlfn.CONCAT("ÉTAT DES RÉSULTATS – ", UPPER(TEXT(DATE(LEFT(RIGHT(CELL("FILENAME"),7),4),RIGHT(RIGHT(CELL("FILENAME"),7),2),1),"MMMM AAAA"))) -> ÉTAT DES RÉSULTATS – JANVIER 2025
E8: SOLDE DE LA PETITE CAISSE AU DÉBUT | G8: ='2024-12'!G22 -> 100.42 | L8: → Montant de la fin du mois dernier
E10: Provisions pour la table à café → | G10: =SUMIF(MONTANTS!B:B,RIGHT(CELL("FILENAME"),7), MONTANTS!F:F) -> 0 | L10: N’entrez pas de montants ici ; ils sont calculés automatiquement. Renseignez plutôt la feuille MONTANTS en y insérant vos transactions
E12: Achats de littérature → | G12: =SUMIF(MONTANTS!B:B,RIGHT(CELL("FILENAME"),7), MONTANTS!G:G) -> 0
E14: Dépenses Ad-hoc approuvées → | G14: =SUMIF(MONTANTS!B:B,RIGHT(CELL("FILENAME"),7), MONTANTS!H:H) -> 23
E16: Collectes → | G16: =SUMIF(MONTANTS!B:B,RIGHT(CELL("FILENAME"),7), MONTANTS!D:D) -> 167.35
E18: Ventes de littérature → | G18: =SUMIF(MONTANTS!B:B,RIGHT(CELL("FILENAME"),7), MONTANTS!E:E) -> 36
E20: Dépôt(s) en espèces → | G20: =SUMIF(MONTANTS!B:B,RIGHT(CELL("FILENAME"),7), MONTANTS!I:I) -> 475
E22: SOLDE DE LA PETITE CAISSE À LA FIN | G22: =G8-G10-G12-G14+G16+G18-G20 -> -194.23 | L22: ="→ Maximum autorisé : "&MaximumPetiteCaisse&" sinon c'est drapeau rouge." -> → Maximum autorisé : 250 sinon c'est drapeau rouge.
E26: SOLDE DU COMPTE AU DÉBUT | G26: ='2024-12'!G68 -> 759.57 | L26: → Montant de la fin du mois dernier
E28: Réserve prudente → | G28: ='2024-12'!G70 -> 500 | L28: → Montant de la fin du mois dernier
E30: Réserve d’anniversaire → | G30: ='2024-12'!G72 -> 75 | L30: → Montant de la fin du mois dernier
E32: Provision pour chèques / virements → | G32: ='2024-12'!G74 -> 0 | L32: → Montant de la fin du mois dernier
E34: Excédent | G34: =G26-SUM(G27:G33)+G8 -> 284.99 | L34: ="→ Tourne au rouge si > "&MaximumExcédent&" car il doit y avoir une bonne raison." -> → Tourne au rouge si > 250 car il doit y avoir une bonne raison.
E38: RETRAITS | G38: =SUM(G39:G47) -> 9.5
E40: Loyer | G40: 0
E42: Retrait imprévu et urgent | G42: 0 | L42: ! À faire approuver à posteriori
E44: Chèques / Virements (Planifiés) | G44: 0 | L44: ! Attention si le mois n’est pas terminé
E46: Frais bancaires | G46: 9.5 | L46: ! Attention si le mois n’est pas terminé
E50: DÉPÔTS | G50: =SUM(G51:G57) -> 475
E52: Dons par chèque / virement | G52: 0 | L52: → Chèques / Virements
G54: 0 | L54: → Revenu divers
E56: Dépôt(s) en espèces de la Petite Caisse | G56: =G20 -> 475
E60: DISTRIBUTION DE L’EXCÉDENT | G60: =SUM(G62:G65) -> 0 | L60: → Attributions automatiques
E62: District 87-16 | G62: 0 | L62: → Calculé selon nos règles concernant l’argent
E64: Centre de Bénévolat de Saint-Basile | G64: 0 | L64: → Calculé selon nos règles concernant l’argent
E68: SOLDE DU COMPTE À LA FIN | G68: =G26-G38+G50 -> 1225.07 | L68: → Solde attendu à la fin du mois sur le relevé bancaire
E70: Réserve prudente | G70: =réserveCible -> 500 | L70: → L’objectif du groupe est de : | M70: =réserveCible -> 500 | N70: Ajuster au besoin.
E72: Réserve d’anniversaire | G72: =G30+réserveAnniversaire -> 100 | L72: → Le montant par défaut est | M72: =réserveAnniversaire -> 25
E74: Provision pour chèques / virements | G74: =G32-G44 -> 0 | L74: → Somme engagée. Entrée manuelle. Doit couvrir toutes nos promesses d’Ivrognes
E76: Excédent | G76: =G68-G70-G72-G74 -> 625.07 | L76: ="→ Tourne au rouge si > "&MaximumExcédent&" car il doit y avoir une bonne raison." -> → Tourne au rouge si > 250 car il doit y avoir une bonne raison.
C80: Préparé par :
C81: Daniel Allaire
C82: Trésorier

Sheet 2024-12
C3: GROUPE MÉDITATION
C5: =_xlfn.CONCAT("ÉTAT DES RÉSULTATS – ", UPPER(TEXT(DATE(LEFT(RIGHT(CELL("FILENAME"),7),4),RIGHT(RIGHT(CELL("FILENAME"),7),2),1),"MMMM AAAA"))) -> ÉTAT DES RÉSULTATS – DÉCEMBRE 2024
E8: SOLDE DE LA PETITE CAISSE AU DÉBUT | G8: ='2024-11'!G22 -> -28.48 | L8: → Montant de la fin du mois dernier
E10: Provisions pour la table à café → | G10: =SUMIF(MONTANTS!B:B,RIGHT(CELL("FILENAME"),7), MONTANTS!F:F) -> 19.35 | L10: N’entrez pas de montants ici ; ils sont calculés automatiquement. Renseignez plutôt la feuille MONTANTS en y insérant vos transactions
E12: Achats de littérature → | G12: =SUMIF(MONTANTS!B:B,RIGHT(CELL("FILENAME"),7), MONTANTS!G:G) -> 0
E14: Dépenses Ad-hoc approuvées → | G14: =SUMIF(MONTANTS!B:B,RIGHT(CELL("FILENAME"),7), MONTANTS!H:H) -> 0
E16: Collectes → | G16: =SUMIF(MONTANTS!B:B,RIGHT(CELL("FILENAME"),7), MONTANTS!D:D) -> 139.35
E18: Ventes de littérature → | G18: =SUMIF(MONTANTS!B:B,RIGHT(CELL("FILENAME"),7), MONTANTS!E:E) -> 8.9
E20: Dépôt(s) en espèces → | G20: =SUMIF(MONTANTS!B:B,RIGHT(CELL("FILENAME"),7), MONTANTS!I:I) -> 0
E22: SOLDE DE LA PETITE CAISSE À LA FIN | G22: =G8-G10-G12-G14+G16+G18-G20 -> 100.42 | L22: ="→ Maximum autorisé : "&MaximumPetiteCaisse&" sinon c'est drapeau rouge." -> → Maximum autorisé : 250 sinon c'est drapeau rouge.
E26: SOLDE DU COMPTE AU DÉBUT | G26: ='2024-11'!G68 -> 967.72 | L26: → Montant de la fin du mois dernier
E28: Réserve prudente → | G28: ='2024-11'!G70 -> 710 | L28: → Montant de la fin du mois dernier
E30: Réserve d’anniversaire → | G30: ='2024-11'!G72 -> 50 | L30: → Montant de la fin du mois dernier
E32: Provision pour chèques / virements → | G32: ='2024-11'!G74 -> 200 | L32: → Montant de la fin du mois dernier
E34: Excédent | G34: =G26-SUM(G27:G33) -> 7.72 | L34: ="→ Tourne au rouge si > "&MaximumExcédent&" car il doit y avoir une bonne raison." -> → Tourne au rouge si > 250 car il doit y avoir une bonne raison.
E38: RETRAITS | G38: =SUM(G39:G47) -> 208.15
E40: Loyer | G40: 0
E42: Retrait imprévu et urgent | G42: 0 | L42: ! À faire approuver à posteriori
E44: Chèques / Virements (Planifiés) | G44: 200 | L44: ! Attention si le mois n’est pas terminé
E46: Frais bancaires | G46: 8.15 | L46: ! Attention si le mois n’est pas terminé
E50: DÉPÔTS | G50: =SUM(G51:G57) -> 0
E52: Dons par chèque / virement | G52: 0 | L52: → Chèques / Virements
G54: 0 | L54: → Revenu divers
E56: Dépôt(s) en espèces de la Petite Caisse | G56: =G20 -> 0
E60: DISTRIBUTION DE L’EXCÉDENT | G60: =SUM(G62:G65) -> 0 | L60: → Attributions automatiques
E62: District 87-16 | G62: 0 | L62: → Calculé selon nos règles concernant l’argent
E64: Centre de Bénévolat de Saint-Basile | G64: 0 | L64: → Calculé selon nos règles concernant l’argent
E68: SOLDE DU COMPTE À LA FIN | G68: =G26-G38+G50 -> 759.57 | L68: → Solde attendu à la fin du mois sur le relevé bancaire
E70: Réserve prudente | G70: =réserveCible -> 500 | L70: → L’objectif du groupe est de : | M70: =réserveCible -> 500 | N70: Ajuster au besoin.
E72: Réserve d’anniversaire | G72: =G30+réserveAnniversaire -> 75 | L72: → Le montant par défaut est | M72: =réserveAnniversaire -> 25
E74: Provision pour chèques / virements | G74: =G32-G44 -> 0 | L74: → Somme engagée. Entrée manuelle. Doit couvrir toutes nos promesses d’Ivrognes
E76: Excédent | G76: =G68-G70-G72-G74+G22 -> 284.99 | L76: ="→ Tourne au rouge si > "&MaximumExcédent&" car il doit y avoir une bonne raison." -> → Tourne au rouge si > 250 car il doit y avoir une bonne raison.
C80: Préparé par :
C81: Daniel Allaire
C82: Trésorier

Sheet 2024-11
C3: GROUPE MÉDITATION
C5: =_xlfn.CONCAT("ÉTAT DES RÉSULTATS – ", UPPER(TEXT(DATE(LEFT(RIGHT(CELL("FILENAME"),7),4),RIGHT(RIGHT(CELL("FILENAME"),7),2),1),"MMMM AAAA"))) -> ÉTAT DES RÉSULTATS – NOVEMBRE 2024
E8: SOLDE DE LA PETITE CAISSE AU DÉBUT | G8: ='2024-10'!G22 -> -181.43 | L8: → Montant de la fin du mois dernier
E10: Provisions pour la table à café → | G10: =SUMIF(MONTANTS!B:B,RIGHT(CELL("FILENAME"),7), MONTANTS!F:F) -> 6.4 | L10: N’entrez pas de montants ici ; ils sont calculés automatiquement. Renseignez plutôt la feuille MONTANTS en y insérant vos transactions
E12: Achats de littérature → | G12: =SUMIF(MONTANTS!B:B,RIGHT(CELL("FILENAME"),7), MONTANTS!G:G) -> 0
E14: Dépenses Ad-hoc approuvées → | G14: =SUMIF(MONTANTS!B:B,RIGHT(CELL("FILENAME"),7), MONTANTS!H:H) -> 0
E16: Collectes → | G16: =SUMIF(MONTANTS!B:B,RIGHT(CELL("FILENAME"),7), MONTANTS!D:D) -> 159.35
E18: Ventes de littérature → | G18: =SUMIF(MONTANTS!B:B,RIGHT(CELL("FILENAME"),7), MONTANTS!E:E) -> 0
E20: Dépôt(s) en espèces → | G20: =SUMIF(MONTANTS!B:B,RIGHT(CELL("FILENAME"),7), MONTANTS!I:I) -> 0
E22: SOLDE DE LA PETITE CAISSE À LA FIN | G22: =G8-G10-G12-G14+G16+G18-G20 -> -28.48 | L22: ="→ Maximum autorisé : "&MaximumPetiteCaisse&" sinon c'est drapeau rouge." -> → Maximum autorisé : 250 sinon c'est drapeau rouge.
E26: SOLDE DU COMPTE AU DÉBUT | G26: ='2024-10'!G68 -> 1975.87 | L26: → Montant de la fin du mois dernier
E28: Réserve prudente → | G28: ='2024-10'!G70 -> 750 | L28: → Montant de la fin du mois dernier
E30: Réserve d’anniversaire → | G30: ='2024-10'!G72 -> 25 | L30: → Montant de la fin du mois dernier
E32: Provision pour chèques / virements → | G32: ='2024-10'!G74 -> 1200 | L32: → Montant de la fin du mois dernier
E34: Excédent | G34: =G26-SUM(G27:G33)+G8 -> -180.56 | L34: ="→ Tourne au rouge si > "&MaximumExcédent&" car il doit y avoir une bonne raison." -> → Tourne au rouge si > 250 car il doit y avoir une bonne raison.
E38: RETRAITS | G38: =SUM(G39:G47) -> 1008.15
E40: Loyer | G40: 0
E42: Retrait imprévu et urgent | G42: 0 | L42: ! À faire approuver à posteriori
E44: Chèques / Virements (Planifiés) | G44: 1000 | L44: ! Attention si le mois n’est pas terminé
E46: Frais bancaires | G46: 8.15 | L46: ! Attention si le mois n’est pas terminé
E50: DÉPÔTS | G50: =SUM(G51:G57) -> 0
E52: Dons par chèque / virement | G52: 0 | L52: → Chèques / Virements
G54: 0 | L54: → Revenu divers
E56: Dépôt(s) en espèces de la Petite Caisse | G56: =G20 -> 0
E60: DISTRIBUTION DE L’EXCÉDENT | G60: =SUM(G62:G65) -> 0 | L60: → Attributions automatiques
E62: District 87-16 | G62: 0 | L62: → Calculé selon nos règles concernant l’argent
E64: Centre de Bénévolat de Saint-Basile | G64: 0 | L64: → Calculé selon nos règles concernant l’argent
E68: SOLDE DU COMPTE À LA FIN | G68: =G26-G38+G50 -> 967.72 | L68: → Solde attendu à la fin du mois sur le relevé bancaire
E70: Réserve prudente | G70: 710 | L70: → L’objectif du groupe est de : | M70: =réserveCible -> 500 | N70: Ajuster au besoin.
E72: Réserve d’anniversaire | G72: =G30+réserveAnniversaire -> 50 | L72: → Le montant par défaut est | M72: =réserveAnniversaire -> 25
E74: Provision pour chèques / virements | G74: =G32-G44 -> 200 | L74: → Somme engagée. Entrée manuelle. Doit couvrir toutes nos promesses d’Ivrognes
E76: Excédent | G76: =G68-G70-G72-G74+G22 -> -20.76 | L76: ="→ Tourne au rouge si > "&MaximumExcédent&" car il doit y avoir une bonne raison." -> → Tourne au rouge si > 250 car il doit y avoir une bonne raison.
C80: Préparé par :
C81: Daniel Allaire
C82: Trésorier

Sheet 2024-10
C3: GROUPE MÉDITATION
C5: =_xlfn.CONCAT("ÉTAT DES RÉSULTATS – ", UPPER(TEXT(DATE(LEFT(RIGHT(CELL("FILENAME"),7),4),RIGHT(RIGHT(CELL("FILENAME"),7),2),1),"MMMM AAAA"))) -> ÉTAT DES RÉSULTATS – OCTOBRE 2024
E8: SOLDE DE LA PETITE CAISSE AU DÉBUT | G8: ='2024-09'!G22 -> 659.82 | L8: → Montant de la fin du mois dernier
E10: Provisions pour la table à café → | G10: =SUMIF(MONTANTS!B:B,RIGHT(CELL("FILENAME"),7), MONTANTS!F:F) -> 3.25 | L10: N’entrez pas de montants ici ; ils sont calculés automatiquement. Renseignez plutôt la feuille MONTANTS en y insérant vos transactions
E12: Achats de littérature → | G12: =SUMIF(MONTANTS!B:B,RIGHT(CELL("FILENAME"),7), MONTANTS!G:G) -> 0
E14: Dépenses Ad-hoc approuvées → | G14: =SUMIF(MONTANTS!B:B,RIGHT(CELL("FILENAME"),7), MONTANTS!H:H) -> 0
E16: Collectes → | G16: =SUMIF(MONTANTS!B:B,RIGHT(CELL("FILENAME"),7), MONTANTS!D:D) -> 211
E18: Ventes de littérature → | G18: =SUMIF(MONTANTS!B:B,RIGHT(CELL("FILENAME"),7), MONTANTS!E:E) -> 20
E20: Dépôt(s) en espèces → | G20: =SUMIF(MONTANTS!B:B,RIGHT(CELL("FILENAME"),7), MONTANTS!I:I) -> 1069
E22: SOLDE DE LA PETITE CAISSE À LA FIN | G22: =G8-G10-G12-G14+G16+G18-G20 -> -181.43 | L22: ="→ Maximum autorisé : "&MaximumPetiteCaisse&" sinon c'est drapeau rouge." -> → Maximum autorisé : 250 sinon c'est drapeau rouge.
E26: SOLDE DU COMPTE AU DÉBUT | G26: ='2024-09'!G68 -> 916.37 | L26: → Montant de la fin du mois dernier
E28: Réserve prudente → | G28: ='2024-09'!G70 -> 750 | L28: → Montant de la fin du mois dernier
E30: Réserve d’anniversaire → | G30: ='2024-09'!G72 -> 0 | L30: → Montant de la fin du mois dernier
E32: Provision pour chèques / virements → | G32: ='2024-09'!G74 -> 0 | L32: → Montant de la fin du mois dernier
E34: Excédent | G34: =G26-SUM(G27:G33)+G8 -> 826.19 | L34: ="→ Tourne au rouge si > "&MaximumExcédent&" car il doit y avoir une bonne raison." -> → Tourne au rouge si > 250 car il doit y avoir une bonne raison.
E38: RETRAITS | G38: =SUM(G39:G47) -> 9.5
E40: Loyer | G40: 0
E42: Retrait imprévu et urgent | G42: 0 | L42: ! À faire approuver à posteriori
E44: Chèques / Virements (Planifiés) | G44: 0 | L44: ! Attention si le mois n’est pas terminé
E46: Frais bancaires | G46: 9.5 | L46: ! Attention si le mois n’est pas terminé
E50: DÉPÔTS | G50: =SUM(G51:G57) -> 1069
E52: Dons par chèque / virement | G52: 0 | L52: → Chèques / Virements
G54: 0 | L54: → Revenu divers
E56: Dépôt(s) en espèces de la Petite Caisse | G56: =G20 -> 1069
E60: DISTRIBUTION DE L’EXCÉDENT | G60: =SUM(G62:G65) -> 1200 | L60: → Attributions automatiques
E62: District 87-16 | G62: 1000 | L62: → Calculé selon nos règles concernant l’argent
E64: Centre de Bénévolat de Saint-Basile | G64: 200 | L64: → Calculé selon nos règles concernant l’argent
E68: SOLDE DU COMPTE À LA FIN | G68: =G26-G38+G50 -> 1975.87 | L68: → Solde attendu à la fin du mois sur le relevé bancaire
E70: Réserve prudente | G70: =G28 -> 750 | L70: → L’objectif du groupe est de : | M70: =réserveCible -> 500 | N70: Ajuster au besoin.
E72: Réserve d’anniversaire | G72: =G30+réserveAnniversaire -> 25 | L72: → Le montant par défaut est | M72: =réserveAnniversaire -> 25
E74: Provision pour chèques / virements | G74: 1200 | L74: → Somme engagée. Entrée manuelle. Doit couvrir toutes nos promesses d’Ivrognes
E76: Excédent | G76: =G68-G70-G72-G74+G22 -> -180.56 | L76: ="→ Tourne au rouge si > "&MaximumExcédent&" car il doit y avoir une bonne raison." -> → Tourne au rouge si > 250 car il doit y avoir une bonne raison.
C80: Préparé par :
C81: Daniel Allaire
C82: Trésorier

Sheet 2024-09
C3: GROUPE MÉDITATION
C5: =_xlfn.CONCAT("ÉTAT DES RÉSULTATS – ", UPPER(TEXT(DATE(LEFT(RIGHT(CELL("FILENAME"),7),4),RIGHT(RIGHT(CELL("FILENAME"),7),2),1),"MMMM AAAA"))) -> ÉTAT DES RÉSULTATS – SEPTEMBRE 2024
E8: SOLDE DE LA PETITE CAISSE AU DÉBUT | G8: ='2024-08'!G22 -> 519.95 | L8: → Montant de la fin du mois dernier
E10: Provisions pour la table à café → | G10: =SUMIF(MONTANTS!B:B,RIGHT(CELL("FILENAME"),7), MONTANTS!F:F) -> 44.83 | L10: N’entrez pas de montants ici ; ils sont calculés automatiquement. Renseignez plutôt la feuille MONTANTS en y insérant vos transactions
E12: Achats de littérature → | G12: =SUMIF(MONTANTS!B:B,RIGHT(CELL("FILENAME"),7), MONTANTS!G:G) -> 0
E14: Dépenses Ad-hoc approuvées → | G14: =SUMIF(MONTANTS!B:B,RIGHT(CELL("FILENAME"),7), MONTANTS!H:H) -> 0
E16: Collectes → | G16: =SUMIF(MONTANTS!B:B,RIGHT(CELL("FILENAME"),7), MONTANTS!D:D) -> 219.7
E18: Ventes de littérature → | G18: =SUMIF(MONTANTS!B:B,RIGHT(CELL("FILENAME"),7), MONTANTS!E:E) -> 15
E20: Dépôt(s) en espèces → | G20: =SUMIF(MONTANTS!B:B,RIGHT(CELL("FILENAME"),7), MONTANTS!I:I) -> 50
E22: SOLDE DE LA PETITE CAISSE À LA FIN | G22: =G8-G10-G12-G14+G16+G18-G20 -> 659.82 | L22: ="→ Maximum autorisé : "&MaximumPetiteCaisse&" sinon c'est drapeau rouge." -> → Maximum autorisé : 250 sinon c'est drapeau rouge.
E26: SOLDE DU COMPTE AU DÉBUT | G26: ='2024-08'!G68 -> 874.62 | L26: → Montant de la fin du mois dernier
E28: Réserve prudente → | G28: ='2024-08'!G70 -> 750 | L28: → Montant de la fin du mois dernier
E30: Réserve d’anniversaire → | G30: ='2024-08'!G72 -> 0 | L30: → Montant de la fin du mois dernier
E32: Provision pour chèques / virements → | G32: ='2024-08'!G74 -> 0 | L32: → Montant de la fin du mois dernier
E34: Excédent | G34: =G26-SUM(G27:G33)+G8 -> 644.57 | L34: ="→ Tourne au rouge si > "&MaximumExcédent&" car il doit y avoir une bonne raison." -> → Tourne au rouge si > 250 car il doit y avoir une bonne raison.
E38: RETRAITS | G38: =SUM(G39:G47) -> 8.25
E40: Loyer | G40: 0
E42: Retrait imprévu et urgent | G42: 0 | L42: ! À faire approuver à posteriori
E44: Chèques / Virements (Planifiés) | G44: 0 | L44: ! Attention si le mois n’est pas terminé
E46: Frais bancaires | G46: 8.25 | L46: ! Attention si le mois n’est pas terminé
E50: DÉPÔTS | G50: =SUM(G51:G57) -> 50
E52: Dons par chèque / virement | G52: 0 | L52: → Chèques / Virements
E54: Feu le petit cochon | G54: 50 | L54: → Revenu divers
E56: Dépôt(s) en espèces de la Petite Caisse | G56: 0
E60: DISTRIBUTION DE L’EXCÉDENT | G60: =SUM(G62:G65) -> 820 | L60: → Attributions automatiques
E62: District 87-16 | G62: =TRUNC((G76)*85%/5,0)*5 -> 700 | L62: → Calculé selon nos règles concernant l’argent
E64: Centre de Bénévolat de Saint-Basile | G64: =TRUNC((G76)*15%/5,0)*5 -> 120 | L64: → Calculé selon nos règles concernant l’argent
E68: SOLDE DU COMPTE À LA FIN | G68: =G26-G38+G50 -> 916.37 | L68: → Solde attendu à la fin du mois sur le relevé bancaire
E70: Réserve prudente | G70: =G28 -> 750 | L70: → L’objectif du groupe est de : | M70: =réserveCible -> 500 | N70: Ajuster au besoin.
E72: Réserve d’anniversaire | G72: =G30+0 -> 0 | L72: → Le montant par défaut est | M72: =réserveAnniversaire -> 25
E74: Provision pour chèques / virements | G74: =G32-G44 -> 0 | L74: → Somme engagée. Entrée manuelle. Doit couvrir toutes nos promesses d’Ivrognes
E76: Excédent | G76: =G68-G70-G72-G74+G22 -> 826.19 | L76: ="→ Tourne au rouge si > "&MaximumExcédent&" car il doit y avoir une bonne raison." -> → Tourne au rouge si > 250 car il doit y avoir une bonne raison.
C80: Préparé par :
C81: Daniel Allaire
C82: Trésorier

Sheet 2024-08
C3: GROUPE MÉDITATION
C5: =_xlfn.CONCAT("ÉTAT DES RÉSULTATS – ", UPPER(TEXT(DATE(LEFT(RIGHT(CELL("FILENAME"),7),4),RIGHT(RIGHT(CELL("FILENAME"),7),2),1),"MMMM AAAA"))) -> ÉTAT DES RÉSULTATS – AOÛT 2024
E8: SOLDE DE LA PETITE CAISSE AU DÉBUT | G8: ='2024-07'!G22 -> 372.72 | L8: → Montant de la fin du mois dernier
E10: Provisions pour la table à café → | G10: =SUMIF(MONTANTS!B:B,RIGHT(CELL("FILENAME"),7), MONTANTS!F:F) -> 27.27 | L10: N’entrez pas de montants ici ; ils sont calculés automatiquement. Renseignez plutôt la feuille MONTANTS en y insérant vos transactions
E12: Achats de littérature → | G12: =SUMIF(MONTANTS!B:B,RIGHT(CELL("FILENAME"),7), MONTANTS!G:G) -> 0
E14: Dépenses Ad-hoc approuvées → | G14: =SUMIF(MONTANTS!B:B,RIGHT(CELL("FILENAME"),7), MONTANTS!H:H) -> 0
E16: Collectes → | G16: =SUMIF(MONTANTS!B:B,RIGHT(CELL("FILENAME"),7), MONTANTS!D:D) -> 174.5
E18: Ventes de littérature → | G18: =SUMIF(MONTANTS!B:B,RIGHT(CELL("FILENAME"),7), MONTANTS!E:E) -> 0
E20: Dépôt(s) en espèces → | G20: =SUMIF(MONTANTS!B:B,RIGHT(CELL("FILENAME"),7), MONTANTS!I:I) -> 0
E22: SOLDE DE LA PETITE CAISSE À LA FIN | G22: =G8-G10-G12-G14+G16+G18-G20 -> 519.95 | L22: ="→ Maximum autorisé : "&MaximumPetiteCaisse&" sinon c'est drapeau rouge." -> → Maximum autorisé : 250 sinon c'est drapeau rouge.
E26: SOLDE DU COMPTE AU DÉBUT | G26: ='2024-07'!G68 -> 881.62 | L26: → Montant de la fin du mois dernier
E28: Réserve prudente → | G28: ='2024-07'!G70 -> 750 | L28: → Montant de la fin du mois dernier
E30: Réserve d’anniversaire → | G30: ='2024-07'!G72 -> 0 | L30: → Montant de la fin du mois dernier
E32: Provision pour chèques / virements → | G32: ='2024-07'!G74 -> 0 | L32: → Montant de la fin du mois dernier
E34: Excédent | G34: =G26-SUM(G27:G33)+G8 -> 504.34 | L34: ="→ Tourne au rouge si > "&MaximumExcédent&" car il doit y avoir une bonne raison." -> → Tourne au rouge si > 250 car il doit y avoir une bonne raison.
E38: RETRAITS | G38: =SUM(G39:G47) -> 7
E40: Loyer | G40: 0
E42: Retrait imprévu et urgent | G42: 0 | L42: ! À faire approuver à posteriori
E44: Chèques / Virements (Planifiés) | G44: 0 | L44: ! Attention si le mois n’est pas terminé
E46: Frais bancaires | G46: 7 | L46: ! Attention si le mois n’est pas terminé
E50: DÉPÔTS | G50: =SUM(G51:G57) -> 0
E52: Dons par chèque / virement | G52: 0 | L52: → Chèques / Virements
G54: 0 | L54: → Revenu divers
E56: Dépôt(s) en espèces de la Petite Caisse | G56: =G20 -> 0
E60: DISTRIBUTION DE L’EXCÉDENT | G60: =SUM(G62:G65) -> 640 | L60: → Attributions automatiques
E62: District 87-16 | G62: =TRUNC((G76)*85%/5,0)*5 -> 545 | L62: → Calculé selon nos règles concernant l’argent
E64: Centre de Bénévolat de Saint-Basile | G64: =TRUNC((G76)*15%/5,0)*5 -> 95 | L64: → Calculé selon nos règles concernant l’argent
E68: SOLDE DU COMPTE À LA FIN | G68: =G26-G38+G50 -> 874.62 | L68: → Solde attendu à la fin du mois sur le relevé bancaire
E70: Réserve prudente | G70: =G28 -> 750 | L70: → L’objectif du groupe est de : | M70: =réserveCible -> 500 | N70: Ajuster au besoin.
E72: Réserve d’anniversaire | G72: =G30+0 -> 0 | L72: → Le montant par défaut est | M72: =réserveAnniversaire -> 25
E74: Provision pour chèques / virements | G74: =G32-G44 -> 0 | L74: → Somme engagée. Entrée manuelle. Doit couvrir toutes nos promesses d’Ivrognes
E76: Excédent | G76: =G68-G70-G72-G74+G22 -> 644.57 | L76: ="→ Tourne au rouge si > "&MaximumExcédent&" car il doit y avoir une bonne raison." -> → Tourne au rouge si > 250 car il doit y avoir une bonne raison.
C80: Préparé par :
C81: Daniel Allaire
C82: Trésorier

Sheet 2024-07
C3: GROUPE MÉDITATION
C5: =_xlfn.CONCAT("ÉTAT DES RÉSULTATS – ", UPPER(TEXT(DATE(LEFT(RIGHT(CELL("FILENAME"),7),4),RIGHT(RIGHT(CELL("FILENAME"),7),2),1),"MMMM AAAA"))) -> ÉTAT DES RÉSULTATS – JUILLET 2024
E8: SOLDE DE LA PETITE CAISSE AU DÉBUT | G8: 121.45 | L8: → Montant de départ
E10: Provisions pour la table à café → | G10: =SUMIF(MONTANTS!B:B,RIGHT(CELL("FILENAME"),7), MONTANTS!F:F) -> 40.23 | L10: N’entrez pas de montants ici ; ils sont calculés automatiquement. Renseignez plutôt la feuille MONTANTS en y insérant vos transactions
E12: Achats de littérature → | G12: =SUMIF(MONTANTS!B:B,RIGHT(CELL("FILENAME"),7), MONTANTS!G:G) -> 0
E14: Dépenses Ad-hoc approuvées → | G14: =SUMIF(MONTANTS!B:B,RIGHT(CELL("FILENAME"),7), MONTANTS!H:H) -> 0
E16: Collectes → | G16: =SUMIF(MONTANTS!B:B,RIGHT(CELL("FILENAME"),7), MONTANTS!D:D) -> 291.5
E18: Ventes de littérature → | G18: =SUMIF(MONTANTS!B:B,RIGHT(CELL("FILENAME"),7), MONTANTS!E:E) -> 0
E20: Dépôt(s) en espèces → | G20: =SUMIF(MONTANTS!B:B,RIGHT(CELL("FILENAME"),7), MONTANTS!I:I) -> 0
E22: SOLDE DE LA PETITE CAISSE À LA FIN | G22: =G8-G10-G12-G14+G16+G18-G20 -> 372.72 | L22: ="→ Maximum autorisé : "&MaximumPetiteCaisse&" sinon c'est drapeau rouge." -> → Maximum autorisé : 250 sinon c'est drapeau rouge.
E26: SOLDE DU COMPTE AU DÉBUT | G26: 888.62 | L26: → Montant de départ
E28: Réserve prudente → | G28: 750 | L28: → Montant de départ
E30: Réserve d’anniversaire → | G30: 0 | L30: → Montant de la fin du mois dernier
E32: Provision pour chèques / virements → | G32: 0 | L32: → Montant de la fin du mois dernier
E34: Excédent | G34: =G26-SUM(G27:G33)+G8 -> 260.07 | L34: ="→ Tourne au rouge si > "&MaximumExcédent&" car il doit y avoir une bonne raison." -> → Tourne au rouge si > 250 car il doit y avoir une bonne raison.
E38: RETRAITS | G38: =SUM(G39:G47) -> 7
E40: Loyer | G40: 0
E42: Retrait imprévu et urgent | G42: 0 | L42: ! À faire approuver à posteriori
E44: Chèques / Virements (Planifiés) | G44: 0 | L44: ! Attention si le mois n’est pas terminé
E46: Frais bancaires | G46: 7 | L46: ! Attention si le mois n’est pas terminé
E50: DÉPÔTS | G50: =SUM(G51:G57) -> 0
E52: Dons par chèque / virement | G52: 0 | L52: → Chèques / Virements
G54: 0 | L54: → Revenu divers
E56: Dépôt(s) en espèces de la Petite Caisse | G56: =G20 -> 0
E60: DISTRIBUTION DE L’EXCÉDENT | G60: =SUM(G62:G65) -> 500 | L60: → Attributions automatiques
E62: District 87-16 | G62: =TRUNC((G76)*85%/5,0)*5 -> 425 | L62: → Calculé selon nos règles concernant l’argent
E64: Centre de Bénévolat de Saint-Basile | G64: =TRUNC((G76)*15%/5,0)*5 -> 75 | L64: → Calculé selon nos règles concernant l’argent
E68: SOLDE DU COMPTE À LA FIN | G68: =G26-G38+G50 -> 881.62 | L68: → Solde attendu à la fin du mois sur le relevé bancaire
E70: Réserve prudente | G70: =G28 -> 750 | L70: → L’objectif du groupe est de : | M70: =réserveCible -> 500 | N70: Ajuster au besoin.
E72: Réserve d’anniversaire | G72: =G30+0 -> 0 | L72: → Le montant par défaut est | M72: =réserveAnniversaire -> 25
E74: Provision pour chèques / virements | G74: =G32-G44 -> 0 | L74: → Somme engagée. Entrée manuelle. Doit couvrir toutes nos promesses d’Ivrognes
E76: Excédent | G76: =G68-G70-G72-G74+G22 -> 504.34 | L76: ="→ Tourne au rouge si > "&MaximumExcédent&" car il doit y avoir une bonne raison." -> → Tourne au rouge si > 250 car il doit y avoir une bonne raison.
C80: Préparé par :
C81: Daniel Allaire
C82: Trésorier
